Workbook
Name \a: #REF!
Name \A: #REF!
Name \A: #REF!
Name \A: #REF!
Name \L: #REF!
Name \L: #REF!
Name \L: #REF!
Name \P: #REF!
Name \P: #REF!
Name \P: #REF!
Name \s: #REF!
Name \s: #REF!
Name \s: #REF!
Name \X: #N/A
Name \Z: #N/A
Name ____________________________________________________i1: #REF!
Name ____________________________________________________i1: #REF!
Name ____________________________________________________i1: #REF!
Name ___________________________________________________i1: #REF!
Name ___________________________________________________i1: #REF!
Name ___________________________________________________i1: #REF!
Name __________________________________________________i1: #REF!
Name __________________________________________________i1: #REF!
Name __________________________________________________i1: #REF!
Name _________________________________________________i1: #REF!
Name _________________________________________________i1: #REF!
Name _________________________________________________i1: #REF!
Name ________________________________________________i1: #REF!
Name ________________________________________________i1: #REF!
Name ________________________________________________i1: #REF!
Name _______________________________________________i1: #REF!
Name _______________________________________________i1: #REF!
Name _______________________________________________i1: #REF!
Name ______________________________________________i1: #REF!
Name ______________________________________________i1: #REF!
Name ______________________________________________i1: #REF!
Name _____________________________________________i1: #REF!
Name _____________________________________________i1: #REF!
Name _____________________________________________i1: #REF!
Name ____________________________________________i1: #REF!
Name ____________________________________________i1: #REF!
Name ____________________________________________i1: #REF!
Name ___________________________________________i1: #REF!
Name ___________________________________________i1: #REF!
Name ___________________________________________i1: #REF!
Name __________________________________________i1: #REF!
Name __________________________________________i1: #REF!
Name __________________________________________i1: #REF!
Name _________________________________________i1: #REF!
Name _________________________________________i1: #REF!
Name _________________________________________i1: #REF!
Name ________________________________________i1: #REF!
Name ________________________________________i1: #REF!
Name ________________________________________i1: #REF!
Name _______________________________________i1: #REF!
Name _______________________________________i1: #REF!
Name _______________________________________i1: #REF!
Name ______________________________________i1: #REF!
Name ______________________________________i1: #REF!
Name ______________________________________i1: #REF!

Sheet PRESUPUESTO OFICIAL
B2: INSTITUTO NACIONAL DE VIAS
B4: DIRECCIÓN TERRITORIAL CUNDINAMARCA
B6: ATENCIÓN DE SITIOS CRÍTICOS DE LA CARRETERA ZIPAQUIRÁ – UBATÉ RUTA 45A, TRAMO 45A04 EN EL DEPARTAMENTO DE CUNDINAMARCA
B7: PROPUESTA ECONOMICA SA-MC-DT-CUN-011-2018
B9: No | C9: ITEM DE PAGO | D9: ESPECIFICACIONES | G9: DESCRIPCION | H9: UNID | J9: VALOR UNITARIO | K9: VALOR TOTAL
D10: ESPECIFICACIÓN GENERAL 2013 | E10: ESPECIFICACIÓN PARTICULAR | F10: Código CIUU | I10: CANTIDAD
B12: I - EXPLANACIONES | K12: =ROUND((SUM(K13:K16)),2) -> 45999363
B13: 1 | C13: =+[78]Presupuesto!$C$13 -> 200.2 | D13: =+[78]Presupuesto!$D$13 -> 200-13 | G13: =+[78]Presupuesto!$F$13 -> DESMONTE Y LIMPIEZA EN ZONAS NO BOSCOSAS | H13: =+[78]Presupuesto!$G$13 -> HA | I13: =ROUND(+[78]Presupuesto!$H$13,2) -> 1 | J13: =ROUND('200.2'!N88,2) -> 226068.52 | K13: =ROUND(J13*I13,2) -> 226068.52
B14: 2 | C14: =+[78]Presupuesto!$C$14 -> 201.7 | D14: =+[78]Presupuesto!$D$14 -> 201-13 | G14: =+[78]Presupuesto!$F$14 -> DEMOLICIÓN DE ESTRUCTURAS | H14: =+[78]Presupuesto!$G$14 -> M³ | I14: =ROUND([78]Presupuesto!$H$14,2) -> 10 | J14: =ROUND('201.2'!N88,2) -> 159897.35 | K14: =ROUND(J14*I14,2) -> 1598973.5
B15: 3 | C15: =+[78]Presupuesto!$C$15 -> 201.P | D15: =+[78]Presupuesto!$D$13 -> 200-13 | G15: =+[78]Presupuesto!$F$15 -> DEMOLICION DE ROCA AISLADA | H15: =+[78]Presupuesto!$G$15 -> M³ | I15: =ROUND(100,2) -> 100 | J15: =ROUND('201.P'!M75,2) -> 55542 | K15: =ROUND(J15*I15,2) -> 5554200
B16: 4 | C16: =+[78]Presupuesto!$C$16 -> 211.1 | D16: =+[78]Presupuesto!$D$16 -> 211-13 | G16: =+[78]Presupuesto!$F$16 -> REMOCIÓN DE DERRUMBES | H16: =+[78]Presupuesto!$G$16 -> M³ | I16: 5491.71 | J16: =ROUND('211.1'!N88,2) -> 7032.44 | K16: =ROUND(J16*I16,2) -> 38620121
B17: II -ESTRUCTURAS Y DRENAJES | K17: =ROUND((SUM(K18:K26)),2) -> 2.888665e+08
B18: 5 | C18: =+[78]Presupuesto!$C$19 -> 311.1 | D18: =+[78]Presupuesto!$D$19 -> 311-13 | G18: =+[78]Presupuesto!$F$19 -> AFIRMADO | H18: =+[78]Presupuesto!$G$19 -> M³ | I18: =ROUND(700,2) -> 700 | J18: =ROUND('311.1'!N87,2) -> 51828.04 | K18: =ROUND(J18*I18,2) -> 36279628
B19: 6 | C19: =+[78]Presupuesto!$C$20 -> 600.1.1 | D19: =+[78]Presupuesto!$D$20 -> 600-13 | G19: =+[78]Presupuesto!$F$20 -> EXCAVACIONES VARIAS SIN CLASIFICAR | H19: =+[78]Presupuesto!$G$20 -> M³ | I19: =ROUND(800,2) -> 800 | J19: =ROUND('600.1.1'!N85,2) -> 16784.37 | K19: =ROUND(J19*I19,2) -> 13427496
B20: 7 | C20: =+[78]Presupuesto!$C$21 -> 610.2 | D20: =+[78]Presupuesto!$D$21 -> 610-13 | G20: =+[78]Presupuesto!$F$21 -> RELLENOS PARA ESTRUCTURAS CON RECEBO | H20: =+[78]Presupuesto!$G$21 -> M³ | I20: =ROUND(300,2) -> 300 | J20: =ROUND('610.2'!N89,2) -> 56829.42 | K20: =ROUND(J20*I20,2) -> 17048826
B21: 8 | C21: =+'630.4'!B31 -> 630.4 | D21: =+[78]Presupuesto!$D$22 -> 630-13 | G21: =+[78]Presupuesto!$F$22 -> CONCRETO REFORZADO con resistencia minima a la compresion de 21 Mpa | H21: =+[78]Presupuesto!$G$22 -> M³ | I21: =ROUND(200,2) -> 200 | J21: =ROUND('630.4'!N89,2) -> 633152.07 | K21: =ROUND(J21*I21,2) -> 126630414
B22: 9 | C22: =+[78]Presupuesto!$C$23 -> 630.2 | D22: =+[78]Presupuesto!$D$23 -> 630-13 | G22: =+[78]Presupuesto!$F$23 -> CONCRETO CICLOPEO con resitencia minima a la compresion de 14 Mpa | H22: =+[78]Presupuesto!$G$23 -> M³ | I22: =ROUND(11,2) -> 11 | J22: =ROUND('630.7'!N93,2) -> 261294.39 | K22: =ROUND(J22*I22,2) -> 2874238.3
B23: 10 | C23: =+[78]Presupuesto!$C$24 -> 640.1 | D23: =+[78]Presupuesto!$D$24 -> 640-13 | G23: =+[78]Presupuesto!$F$24 -> ACERO DE REFUERZO FY= 420 MPA | H23: =+[78]Presupuesto!$G$24 -> KG | I23: 3600 | J23: =ROUND('640.1'!N90,2) -> 5638.69 | K23: =ROUND(J23*I23,2) -> 20299284
B24: 11 | C24: =+[78]Presupuesto!$C$25 -> 681.1 | D24: =+[78]Presupuesto!$D$25 -> 661-13 | G24: =+[78]Presupuesto!$F$25 -> GAVIONES DE MALLA DE ALAMBRE DE ACERO ENTRELAZADO CLASE 1: RECUBRIMIENTO DE ZINC GALVANIZADO | H24: =+[78]Presupuesto!$G$25 -> M³ | I24: =ROUND([78]Presupuesto!$H$25,2) -> 104 | J24: =ROUND('681.1'!N89,2) -> 157962.05 | K24: =ROUND(J24*I24,2) -> 16428053
B25: 12 | C25: =+[78]Presupuesto!$C$26 -> 673.1 | D25: =+[78]Presupuesto!$D$26 -> 673-13 | G25: =+[78]Presupuesto!$F$26 -> GEOTEXTIL NO TEJIDO | H25: =+[78]Presupuesto!$G$26 -> M² | I25: =ROUND([78]Presupuesto!$H$26,2) -> 2080 | J25: =ROUND('673.1.1'!N87,2) -> 7202.74 | K25: =ROUND(J25*I25,2) -> 14981699
B26: 13 | C26: =+[78]Presupuesto!$C$27 -> 673.2 | D26: =+[78]Presupuesto!$D$27 -> 673-13 | G26: =+[78]Presupuesto!$F$27 -> MATERIAL GRANULAR DRENANTE | H26: =+[78]Presupuesto!$G$27 -> M³ | I26: =ROUND([78]Presupuesto!$H$27,2) -> 561.6 | J26: =ROUND('673.2'!N87,2) -> 72822.04 | K26: =ROUND(J26*I26,2) -> 40896858
B27: III - TRANSPORTE DE MATERIALES | K27: =ROUND((SUM(K28:K28)),2) -> 7595000
B28: 14 | C28: =+[78]Presupuesto!$C$32 -> 900.3 | D28: =+[78]Presupuesto!$D$32 -> 900-13 | G28: =+[78]Presupuesto!$F$32 -> TRANSPORTE DE MATERIALES PROVENIENTES DE DERRUMBES, MEDIDO A PARTIR DE CIEN METROS 100M | H28: =+[78]Presupuesto!$G$32 -> M³-KM | I28: =ROUND(7000,2) -> 7000 | J28: =ROUND([78]Presupuesto!$I$32,2) -> 1085 | K28: =ROUND(J28*I28,2) -> 7595000
D30: SUBTOTAL OBRAS | J30: =ROUND((+K27+K17+K12),0) -> 342460859
B31: PROVISIÓN PARA AJUSTES, OBRAS COMPLEMENTARIAS Y/O ADICIONALES, (INCLUYE OBRAS AMBIENTALES DEL PAGA) | J31: 5000000 | L31: NO MODIFICAR
B32: VALOR IVA (OBRA) (19% SOBRE UTILIDAD OBRA) | J32: =ROUND(+J30+J31,0) -> 347460859
B33: SUBTOTAL OBRAS INCLUYENDO IVA (A) | J33: =ROUND((+J32/(1+K41)*K40*0.19),0) -> 2539137
B34: VALOR IVA (OBRA) | J34: =+J33+J32 -> 349999996
B35: VALOR TOTAL DEL CONTRATO | J35: =+J34 -> 349999996
H37: DESCRIPCION | K37: PORCENTAJE
H38: ADMINISTRACION | J38: A= | K38: =+[78]Presupuesto!$J$41 -> 0.2
H39: IMPREVISTO | J39: I= | K39: =+[78]Presupuesto!$J$42 -> 0.05
H40: UTILIDAD | J40: U= | K40: =+[78]Presupuesto!$J$43 -> 0.05
H41: TOTAL A.I.U | J41: A.I.U.= | K41: =+[78]Presupuesto!$J$44 -> 0.3
B43: VALOR TOTAL DE LA PROPUESTA | K43: $
B44: VALOR EN LETRAS:
B46: NOMBRE DEL PROPONENTE: ______________________________________ | G46: REPRESENTANTE LEGAL (nombre y firma):_________________________
B48: FECHA:

Sheet FORMULARIO PROPUESTA ECONOMICA
B2: INSTITUTO NACIONAL DE VIAS
B4: DIRECCIÓN TERRITORIAL CUNDINAMARCA
B6: ATENCIÓN DE SITIOS CRÍTICOS DE LA CARRETERA ZIPAQUIRÁ – UBATÉ RUTA 45A, TRAMO 45A04 EN EL DEPARTAMENTO DE CUNDINAMARCA
B7: PROPUESTA ECONOMICA SA-MC-DT-CUN-011-2018
B9: No | C9: ITEM DE PAGO | D9: ESPECIFICACIONES | G9: DESCRIPCION | H9: UNID | J9: VALOR UNITARIO | K9: VALOR TOTAL
D10: ESPECIFICACIÓN GENERAL 2013 | E10: ESPECIFICACIÓN PARTICULAR | F10: Código CIUU | I10: CANTIDAD
B12: I - EXPLANACIONES | K12: =ROUND((SUM(K13:K16)),2) -> 0
B13: 1 | C13: =+[78]Presupuesto!$C$13 -> 200.2 | D13: =+[78]Presupuesto!$D$13 -> 200-13 | G13: =+[78]Presupuesto!$F$13 -> DESMONTE Y LIMPIEZA EN ZONAS NO BOSCOSAS | H13: =+[78]Presupuesto!$G$13 -> HA | I13: =ROUND(+[78]Presupuesto!$H$13,2) -> 1 | J13: 0 | K13: =ROUND(J13*I13,2) -> 0
B14: 2 | C14: =+[78]Presupuesto!$C$14 -> 201.7 | D14: =+[78]Presupuesto!$D$14 -> 201-13 | G14: =+[78]Presupuesto!$F$14 -> DEMOLICIÓN DE ESTRUCTURAS | H14: =+[78]Presupuesto!$G$14 -> M³ | I14: =ROUND([78]Presupuesto!$H$14,2) -> 10 | J14: 0 | K14: =ROUND(J14*I14,2) -> 0
B15: 3 | C15: =+[78]Presupuesto!$C$15 -> 201.P | D15: =+[78]Presupuesto!$D$13 -> 200-13 | G15: =+[78]Presupuesto!$F$15 -> DEMOLICION DE ROCA AISLADA | H15: =+[78]Presupuesto!$G$15 -> M³ | I15: =ROUND(100,2) -> 100 | J15: 0 | K15: =ROUND(J15*I15,2) -> 0
B16: 4 | C16: =+[78]Presupuesto!$C$16 -> 211.1 | D16: =+[78]Presupuesto!$D$16 -> 211-13 | G16: =+[78]Presupuesto!$F$16 -> REMOCIÓN DE DERRUMBES | H16: =+[78]Presupuesto!$G$16 -> M³ | I16: 5491.71 | J16: 0 | K16: =ROUND(J16*I16,2) -> 0
B17: II -ESTRUCTURAS Y DRENAJES | K17: =ROUND((SUM(K18:K26)),2) -> 0
B18: 5 | C18: =+[78]Presupuesto!$C$19 -> 311.1 | D18: =+[78]Presupuesto!$D$19 -> 311-13 | G18: =+[78]Presupuesto!$F$19 -> AFIRMADO | H18: =+[78]Presupuesto!$G$19 -> M³ | I18: =ROUND(700,2) -> 700 | J18: 0 | K18: =ROUND(J18*I18,2) -> 0
B19: 6 | C19: =+[78]Presupuesto!$C$20 -> 600.1.1 | D19: =+[78]Presupuesto!$D$20 -> 600-13 | G19: =+[78]Presupuesto!$F$20 -> EXCAVACIONES VARIAS SIN CLASIFICAR | H19: =+[78]Presupuesto!$G$20 -> M³ | I19: =ROUND(800,2) -> 800 | J19: 0 | K19: =ROUND(J19*I19,2) -> 0
B20: 7 | C20: =+[78]Presupuesto!$C$21 -> 610.2 | D20: =+[78]Presupuesto!$D$21 -> 610-13 | G20: =+[78]Presupuesto!$F$21 -> RELLENOS PARA ESTRUCTURAS CON RECEBO | H20: =+[78]Presupuesto!$G$21 -> M³ | I20: =ROUND(300,2) -> 300 | J20: 0 | K20: =ROUND(J20*I20,2) -> 0
B21: 8 | C21: =+'630.4'!B31 -> 630.4 | D21: =+[78]Presupuesto!$D$22 -> 630-13 | G21: =+[78]Presupuesto!$F$22 -> CONCRETO REFORZADO con resistencia minima a la compresion de 21 Mpa | H21: =+[78]Presupuesto!$G$22 -> M³ | I21: =ROUND(200,2) -> 200 | J21: 0 | K21: =ROUND(J21*I21,2) -> 0
B22: 9 | C22: =+[78]Presupuesto!$C$23 -> 630.2 | D22: =+[78]Presupuesto!$D$23 -> 630-13 | G22: =+[78]Presupuesto!$F$23 -> CONCRETO CICLOPEO con resitencia minima a la compresion de 14 Mpa | H22: =+[78]Presupuesto!$G$23 -> M³ | I22: =ROUND(11,2) -> 11 | J22: 0 | K22: =ROUND(J22*I22,2) -> 0
B23: 10 | C23: =+[78]Presupuesto!$C$24 -> 640.1 | D23: =+[78]Presupuesto!$D$24 -> 640-13 | G23: =+[78]Presupuesto!$F$24 -> ACERO DE REFUERZO FY= 420 MPA | H23: =+[78]Presupuesto!$G$24 -> KG | I23: 3600 | J23: 0 | K23: =ROUND(J23*I23,2) -> 0
B24: 11 | C24: =+[78]Presupuesto!$C$25 -> 681.1 | D24: =+[78]Presupuesto!$D$25 -> 661-13 | G24: =+[78]Presupuesto!$F$25 -> GAVIONES DE MALLA DE ALAMBRE DE ACERO ENTRELAZADO CLASE 1: RECUBRIMIENTO DE ZINC GALVANIZADO | H24: =+[78]Presupuesto!$G$25 -> M³ | I24: =ROUND([78]Presupuesto!$H$25,2) -> 104 | J24: 0 | K24: =ROUND(J24*I24,2) -> 0
B25: 12 | C25: =+[78]Presupuesto!$C$26 -> 673.1 | D25: =+[78]Presupuesto!$D$26 -> 673-13 | G25: =+[78]Presupuesto!$F$26 -> GEOTEXTIL NO TEJIDO | H25: =+[78]Presupuesto!$G$26 -> M² | I25: =ROUND([78]Presupuesto!$H$26,2) -> 2080 | J25: 0 | K25: =ROUND(J25*I25,2) -> 0
B26: 13 | C26: =+[78]Presupuesto!$C$27 -> 673.2 | D26: =+[78]Presupuesto!$D$27 -> 673-13 | G26: =+[78]Presupuesto!$F$27 -> MATERIAL GRANULAR DRENANTE | H26: =+[78]Presupuesto!$G$27 -> M³ | I26: =ROUND([78]Presupuesto!$H$27,2) -> 561.6 | J26: 0 | K26: =ROUND(J26*I26,2) -> 0
B27: III - TRANSPORTE DE MATERIALES | K27: =ROUND((SUM(K28:K28)),2) -> 0
B28: 14 | C28: =+[78]Presupuesto!$C$32 -> 900.3 | D28: =+[78]Presupuesto!$D$32 -> 900-13 | G28: =+[78]Presupuesto!$F$32 -> TRANSPORTE DE MATERIALES PROVENIENTES DE DERRUMBES, MEDIDO A PARTIR DE CIEN METROS 100M | H28: =+[78]Presupuesto!$G$32 -> M³-KM | I28: =ROUND(7000,2) -> 7000 | J28: 0 | K28: =ROUND(J28*I28,2) -> 0
D30: SUBTOTAL OBRAS | J30: =ROUND((+K27+K17+K12),0) -> 0
B31: PROVISIÓN PARA AJUSTES, OBRAS COMPLEMENTARIAS Y/O ADICIONALES, (INCLUYE OBRAS AMBIENTALES DEL PAGA) | J31: 5000000 | L31: NO MODIFICAR
B32: VALOR IVA (OBRA) (19% SOBRE UTILIDAD OBRA) | J32: =ROUND(+J30+J31,0) -> 5000000
B33: SUBTOTAL OBRAS INCLUYENDO IVA (A) | J33: =ROUND((+J32/(1+K41)*K40*0.19),0) -> 36538
B34: VALOR IVA (OBRA) | J34: =+J33+J32 -> 5036538
B35: VALOR TOTAL DEL CONTRATO | J35: =+J34 -> 5036538
H37: DESCRIPCION | K37: PORCENTAJE
H38: ADMINISTRACION | J38: A= | K38: =+[78]Presupuesto!$J$41 -> 0.2
H39: IMPREVISTO | J39: I= | K39: =+[78]Presupuesto!$J$42 -> 0.05
H40: UTILIDAD | J40: U= | K40: =+[78]Presupuesto!$J$43 -> 0.05
H41: TOTAL A.I.U | J41: A.I.U.= | K41: =+[78]Presupuesto!$J$44 -> 0.3
B43: VALOR TOTAL DE LA PROPUESTA | K43: $
B44: VALOR EN LETRAS:
B46: NOMBRE DEL PROPONENTE: ______________________________________ | G46: REPRESENTANTE LEGAL (nombre y firma):_________________________
B48: FECHA:

Sheet 200.2
K1: CÓDIGO | L1: MINFRA-MN-IN-10-FR-1
C2: INSTITUTO NACIONAL DE VIAS
C3: PROCESO GESTIÓN DE LA INFRAESTRUCTURA VIAL | K3: VERSIÓN | L3: 1
C4: MANUAL DE INTERVENTORÍA OBRA PÚBLICA
C5: ANÁLISIS DE PRECIOS UNITARIOS | K5: PÁGINA | M5: DE
K8: FECHA
L9: (Día) | M9: (Mes) | N9: (Año)
B10: ITEMS DE LA PROPUESTA ECONÓMICA | F10: □ | I10: ITEMS NO PREVISTOS | K10: □
B11: UNIDAD EJECUTORA: | J11: DIRECCIÓN TERRITORIAL:
B14: CONTRATO No. | D14: DE
B15: OBJETO DEL CONTRATO:
B18: CARRETERA: | J18: SECTOR:
B20: CONTRATISTA:
B22: INTERVENTOR: | K22: CTO No.: | M22: DE
B24: FECHA CIERRE PROCESO DE SELECCIÓN CONTRATO DE OBRA:
F25: (Día) | I25: (Mes) | J25: (Año)
B27: DATOS ESPECÍFICOS
B29: ITEM | C29: DESCRIPCIÓN | K29: GRUPO DE AJUSTE | L29: UNIDAD | N29: CANTIDAD
B30: ITEM | C30: DESCRIPCIÓN | L30: UNIDAD | N30: CANTIDAD
A31: Unidad | B31: 200.2 | C31: DESMONTE Y LIMPIEZA EN ZONAS NO BOSCOSAS | L31: Ha
B33: I. EQUIPO
B35: DESCRIPCIÓN | I35: TIPO | K35: TARIFA/HORA | L35: RENDIMIENTO | N35: Vr. UNITARIO
A36: C0010530 | B36: =VLOOKUP(A36,[79]EQUIPOS!A6:D154,3,FALSE) -> Guadañadora, Cilindraje 41.5 cm3, Longitud del mango 1450 mm, Peso 7.4 kg | K36: =VLOOKUP(A36,[79]EQUIPOS!A6:D161,4,FALSE) -> 5350.5167 | M36: 0.36 | N36: =K36/M36 -> 14862.546
A37: C0010620 | B37: =VLOOKUP(A37,[79]EQUIPOS!A7:D154,3,FALSE) -> Motosierra, 93.6 cm3 - 7.1 HP, 45-90 cm - 7.9 kg | K37: =VLOOKUP(A37,[79]EQUIPOS!A7:D162,4,FALSE) -> 8426.7933 | M37: 0.103 | N37: =K37/M37 -> 81813.528
B42: HERRAMIENTA MENOR (%) | L42: 0.05 | N42: =N76*L42 -> 1579.6024
B43: SUBTOTAL $ | N43: =SUM(N36:N42) -> 98255.676
B45: II. MATERIALES
B47: DESCRIPCIÓN | J47: UNIDAD | K47: CANTIDAD | L47: PRECIO UNIT. | N47: Vr. UNITARIO
B54: SUBTOTAL $
B56: III. TRANSPORTES
B58: MATERIAL | H58: UNIDAD | I58: CANTIDAD (1) | J58: DISTANCIA (2) | K58: (1) * (2) | L58: TARIFA | N58: Vr. UNITARIO
A59: T0010040 | B59: =VLOOKUP(A59,[79]TRANSPORTE!A5:D94,3,FALSE) -> Transporte de material desmontado | H59: =VLOOKUP(A59,[79]TRANSPORTE!A6:D120,2,FALSE) -> tkm | I59: 50 | J59: 1 | K59: =I59*J59 -> 50 | L59: ='[79]900.2'!N78 -> 881.02273 | N59: =K59*L59 -> 44051.136
B65: SUBTOTAL $ | N65: =N59+N60+N61+N62+N63 -> 44051.136
B67: IV. MANO DE OBRA
B69: TRABAJADOR | I69: JORNAL | J69: PRESTACIONES (%) | K69: JORNAL TOTAL | L69: RENDIMIENTO | N69: Vr. UNITARIO
A70: A0030020 | B70: =VLOOKUP(A70,'[79]MANO DE OBRA'!A8:D68,3,FALSE) -> Obrero (2) | I70: =K70/J70*100 -> 49181.133 | J70: 185 | K70: =VLOOKUP(A70,'[79]MANO DE OBRA'!A8:D99,4,FALSE) -> 90985.097 | M70: 2.88 | N70: =K70/M70 -> 31592.047
B76: SUBTOTAL $ | N76: =N70+N71+N72+N73+N74 -> 31592.047
B78: TOTAL COSTO DIRECTO $ | N78: =N43+N54+N65+N76 -> 173898.86
B80: V. COSTOS INDIRECTOS
B82: Descripción | K82: Porcentaje | L82: Valor Total
B83: ADMINISTRACION | K83: 0.2 | L83: =N78*K83 -> 34779.772
B84: IMPREVISTOS | K84: 0.05 | L84: =N78*K84 -> 8694.943
B85: UTILIDAD | K85: 0.05 | L85: =N78*K85 -> 8694.943
B86: SUBTOTAL $ | N86: =L83+L84+L85 -> 52169.658
A88: Pfinal01 | B88: Precio Unitario Total Aproximado al Peso $ | N88: =N78+N86 -> 226068.52
E93: Firma
E94: Nombre:
E95: Representante Legal del Contratista o su Apoderado
E96: Matricula No. :
B98: OBSERVACIONES INTERVENTORÍA:
B104: APROBACIÓN POR INTERVENTORÍA
B105: Nota 1: Cuando se trate de Análisis de precios unitarios correspondientes a ítems de la propuesta económica aprobada, el Interventor aprueba el desglose de los componentes manteniendo el mismo precio unitario de cada ítem, cumpliendo con las especificaciones de construcción vigentes para el proyecto.
B107: Nota 2: Cuando se trate de Análisis de precios unitarios de ítems no previstos, el Interventor aprueba el desglose y precio unitario de cada ítem no previsto, exigiendo la aplicación de los costos correspondientes a insumos y tarifas de la propuesta económica inicial cuando estén contemplados, cumpliendo con las especificaciones de construcción vigente para el proyecto.
E113: Firma
E114: Nombre:
E115: Representante Legal del Interventor o su Apoderado
E116: Matricula No. :
B118: Original: Archivo de Gestión del Contrato (Subdirección Administrativa).
B119: Copias: Unidad Ejecutora, Contratista, Interventor y Dirección Territorial.

Sheet 201.2
K1: CÓDIGO | L1: MINFRA-MN-IN-10-FR-1
C2: INSTITUTO NACIONAL DE VIAS
C3: PROCESO GESTIÓN DE LA INFRAESTRUCTURA VIAL | K3: VERSIÓN | L3: 1
C4: MANUAL DE INTERVENTORÍA OBRA PÚBLICA
C5: ANÁLISIS DE PRECIOS UNITARIOS | K5: PÁGINA | M5: DE
K8: FECHA
L9: (Día) | M9: (Mes) | N9: (Año)
B10: ITEMS DE LA PROPUESTA ECONÓMICA | F10: □ | I10: ITEMS NO PREVISTOS | K10: □
B11: UNIDAD EJECUTORA: | J11: DIRECCIÓN TERRITORIAL:
B14: CONTRATO No. | D14: DE
B15: OBJETO DEL CONTRATO:
B18: CARRETERA: | J18: SECTOR:
B20: CONTRATISTA:
B22: INTERVENTOR: | K22: CTO No.: | M22: DE
B24: FECHA CIERRE PROCESO DE SELECCIÓN CONTRATO DE OBRA:
F25: (Día) | I25: (Mes) | J25: (Año)
B27: DATOS ESPECÍFICOS
B29: ITEM | C29: DESCRIPCIÓN | K29: GRUPO DE AJUSTE | L29: UNIDAD | N29: CANTIDAD
B30: ITEM | C30: DESCRIPCIÓN | L30: UNIDAD | N30: CANTIDAD
A31: Unidad | B31: 201.2 | C31: DEMOLICIÓN DE ESTRUCTURAS | L31: gl
B33: I. EQUIPO
B35: DESCRIPCIÓN | I35: TIPO | K35: TARIFA/HORA | L35: RENDIMIENTO | N35: Vr. UNITARIO
A36: C0010790 | B36: =VLOOKUP(A36,[79]EQUIPOS!A6:D154,3,FALSE) -> Retroexcavadora sobre oruga, potencia 138 HP, balde de 1,5 m3. | K36: =VLOOKUP(A36,[79]EQUIPOS!A6:D161,4,FALSE) -> 184343.65 | M36: 2.5 | N36: =K36/M36 -> 73737.461
A37: C0010270 | B37: =VLOOKUP(A37,[79]EQUIPOS!A7:D154,3,FALSE) -> Compresor 120 HP, con martillo. | K37: =VLOOKUP(A37,[79]EQUIPOS!A7:D162,4,FALSE) -> 75944.243 | M37: 2.5 | N37: =K37/M37 -> 30377.697
A38: C0010330 | B38: =VLOOKUP(A38,[79]EQUIPOS!A8:D154,3,FALSE) -> Equipo de oxicorte, Capacidad de corte: hasta 6´´ (152mm) | K38: =VLOOKUP(A38,[79]EQUIPOS!A8:D163,4,FALSE) -> 16002.953 | M38: 2.5 | N38: =K38/M38 -> 6401.1813
B42: HERRAMIENTA MENOR (%) | L42: 0.02 | N42: =N76*L42 -> 227.46274
B43: SUBTOTAL $ | N43: =SUM(N36:N42) -> 110743.8
B45: II. MATERIALES
B47: DESCRIPCIÓN | J47: UNIDAD | K47: CANTIDAD | L47: PRECIO UNIT. | N47: Vr. UNITARIO
B54: SUBTOTAL $
B56: III. TRANSPORTES
B58: MATERIAL | H58: UNIDAD | I58: CANTIDAD (1) | J58: DISTANCIA (2) | K58: (1) * (2) | L58: TARIFA | N58: Vr. UNITARIO
A59: T0010032 | B59: =VLOOKUP(A59,[79]TRANSPORTE!A5:D94,3,FALSE) -> Transporte de material de demolición | H59: =VLOOKUP(A59,[79]TRANSPORTE!A6:D120,2,FALSE) -> m3k | I59: 1 | J59: 1 | K59: =I59*J59 -> 1 | L59: ='[79]900.2'!N78 -> 881.02273 | N59: =K59*L59 -> 881.02273
B65: SUBTOTAL $ | N65: =N59+N60+N61+N62+N63 -> 881.02273
B67: IV. MANO DE OBRA
B69: TRABAJADOR | I69: JORNAL | J69: PRESTACIONES (%) | K69: JORNAL TOTAL | L69: RENDIMIENTO | N69: Vr. UNITARIO
A70: A0030030 | B70: =VLOOKUP(A70,'[79]MANO DE OBRA'!A8:D68,3,FALSE) -> Obrero (3) | I70: =K70/J70*100 -> 73771.7 | J70: 185 | K70: =VLOOKUP(A70,'[79]MANO DE OBRA'!A8:D99,4,FALSE) -> 136477.64 | M70: 20 | N70: =K70/M70 -> 6823.8822
A71: A0040010 | B71: =VLOOKUP(A71,'[79]MANO DE OBRA'!A8:D69,3,FALSE) -> Oficial | I71: =K71/J71*100 -> 49181.133 | J71: 185 | K71: =VLOOKUP(A71,'[79]MANO DE OBRA'!A8:D100,4,FALSE) -> 90985.097 | M71: 20 | N71: =K71/M71 -> 4549.2548
B76: SUBTOTAL $ | N76: =N70+N71+N72+N73+N74 -> 11373.137
B78: TOTAL COSTO DIRECTO $ | N78: =N43+N54+N65+N76 -> 122997.96
B80: V. COSTOS INDIRECTOS
B82: Descripción | K82: Porcentaje | L82: Valor Total
B83: ADMINISTRACION | K83: 0.2 | L83: =N78*K83 -> 24599.593
B84: IMPREVISTOS | K84: 0.05 | L84: =N78*K84 -> 6149.8981
B85: UTILIDAD | K85: 0.05 | L85: =N78*K85 -> 6149.8981
B86: SUBTOTAL $ | N86: =L83+L84+L85 -> 36899.389
A88: PFinal01 | B88: Precio Unitario Total Aproximado al Peso $ | N88: =N78+N86 -> 159897.35
E93: Firma
E94: Nombre:
E95: Representante Legal del Contratista o su Apoderado
E96: Matricula No. :
B98: OBSERVACIONES INTERVENTORÍA:
B104: APROBACIÓN POR INTERVENTORÍA
B105: Nota 1: Cuando se trate de Análisis de precios unitarios correspondientes a ítems de la propuesta económica aprobada, el Interventor aprueba el desglose de los componentes manteniendo el mismo precio unitario de cada ítem, cumpliendo con las especificaciones de construcción vigentes para el proyecto.
B107: Nota 2: Cuando se trate de Análisis de precios unitarios de ítems no previstos, el Interventor aprueba el desglose y precio unitario de cada ítem no previsto, exigiendo la aplicación de los costos correspondientes a insumos y tarifas de la propuesta económica inicial cuando estén contemplados, cumpliendo con las especificaciones de construcción vigente para el proyecto.
E113: Firma
E114: Nombre:
E115: Representante Legal del Interventor o su Apoderado
E116: Matricula No. :
B118: Original: Archivo de Gestión del Contrato (Subdirección Administrativa).
B119: Copias: Unidad Ejecutora, Contratista, Interventor y Dirección Territorial.

Sheet 201.P
J1: CÓDIGO | K1: MINFRA-MN-IN-10-FR-1
B2: INSTITUTO NACIONAL DE VIAS
B3: PROCESO GESTIÓN DE LA INFRAESTRUCTURA VIAL | J3: VERSIÓN | K3: 1
B4: MANUAL DE INTERVENTORÍA OBRA PÚBLICA
B5: ANÁLISIS DE PRECIOS UNITARIOS | J5: PÁGINA | L5: DE
J8: FECHA
K9: (Día) | L9: (Mes) | M9: (Año)
A10: ITEMS DE LA PROPUESTA ECONÓMICA | E10: □ | H10: ITEMS NO PREVISTOS | J10: □
A11: UNIDAD EJECUTORA: | I11: DIRECCIÓN TERRITORIAL:
A14: CONTRATO No. | C14: DE
A15: OBJETO DEL CONTRATO:
A18: CARRETERA: | I18: SECTOR:
A20: CONTRATISTA:
A22: INTERVENTOR: | J22: CTO No.: | L22: DE
A24: FECHA CIERRE PROCESO DE SELECCIÓN CONTRATO DE OBRA:
F25: (Día) | I25: (Mes) | J25: (Año)
A26: DATOS ESPECÍFICOS
A28: ITEM | B28: DESCRIPCIÓN | J28: GRUPO DE AJUSTE | K28: UNIDAD | M28: CANTIDAD
A29: ITEM | B29: DESCRIPCIÓN | K29: UNIDAD | M29: CANTIDAD
A30: 201.2 | B30: DEMOLICION DE ROCAS AISLADAS. | K30: m3
A32: I. EQUIPO
A34: DESCRIPCIÓN | H34: TIPO | J34: TARIFA/HORA | K34: RENDIMIENTO | M34: Vr. UNITARIO
A35: Compresor 125 pies 3 con martillo | J35: 97000 | K35: 15 | M35: =+J35/K35 -> 6466.6667
A36: Cargador potencia al volante 125HP motor 2300RPM o equivalente | J36: 120000 | K36: 35 | M36: =+J36/K36 -> 3428.5714
A37: Derecho y disposición de materiales de desecho | J37: 3500 | K37: 1 | M37: =+J37/K37 -> 3500
A38: Herramienta menor (10%) | M38: =+M63*0.1 -> 170.20224
A39: SUBTOTAL $ | M39: =SUM(M35:M38) -> 13565.44
A41: II. MATERIALES
A43: DESCRIPCIÓN | I43: UNIDAD | J43: CANTIDAD | K43: PRECIO UNIT. | M43: Vr. UNITARIO
A44: Explosivos 75% (INDUGEL) | I44: Lb | J44: 0.4 | K44: 10420.445 | M44: =+J44*K44 -> 4168.178
A45: Fulminantes | I45: UNIDAD | J45: 1 | K45: 811 | M45: =+J45*K45 -> 811
A46: Mecha Lenta | I46: ml | J46: 1 | K46: 759 | M46: =+J46*K46 -> 759
A47: ESCOLTA Y TRANSPORTE EXPLOSIVOS | I47: Kg | J47: 0.05 | K47: 5374.7 | M47: =+J47*K47 -> 268.735
A49: SUBTOTAL $ | M49: =SUM(M44:M48) -> 6006.913
A51: III. TRANSPORTES
A53: MATERIAL | H53: VOL. o PESO | I53: DISTANCIA | J53: M3 o Ton/Km | K53: TARIFA | M53: Vr. UNITARIO
A54: DISTANCIA TRANSPORTE MATERIALES DE DESECHO | H54: 1.3 | I54: 15 | J54: =+H54*I54 -> 19.5 | K54: 1100 | M54: =+J54*K54 -> 21450
A56: SUBTOTAL $ | M56: =SUM(M54:M55) -> 21450
A58: IV. MANO DE OBRA
A60: TRABAJADOR | H60: JORNAL | I60: PREST | J60: JORNAL TOTAL | K60: RENDIMIENTO | M60: Vr. UNITARIO
A61: OBRERO (2) | H61: =26041.4*2 -> 52082.8 | I61: 1.85 | J61: =+H61*I61 -> 96353.18 | K61: 120 | M61: =+J61/K61 -> 802.94317
A62: OFICIAL (1) | H62: =41302.1621621622*1.059 -> 43738.99 | I62: 1.85 | J62: =+H62*I62 -> 80917.131 | K62: 90 | M62: =+J62/K62 -> 899.07923
A63: SUBTOTAL $ | M63: =SUM(M61:M62) -> 1702.0224
A65: TOTAL COSTO DIRECTO $ | M65: =+M63+M56+M49+M39 -> 42724.376
A67: V. COSTOS INDIRECTOS
A69: Descripción | J69: Porcentaje | K69: Valor Total
A70: ADMINISTRACION | J70: 0.2 | K70: =+M65*J70 -> 8544.8751
A71: IMPREVISTOS | J71: 0.05 | K71: =+M65*J71 -> 2136.2188
A72: UTILIDAD | J72: 0.05 | K72: =+M65*J72 -> 2136.2188
A73: SUBTOTAL $ | M73: =SUM(K70:K72) -> 12817.313
A75: Precio Unitario Total Aproximado al peso $ | M75: =ROUND(M65+M73,0) -> 55542
F79: Firma
F80: Nombre:
F81: Representante Legal del Contratista o su Apoderado
F82: Matricula No. :
A84: OBSERVACIONES INTERVENTORÍA
F88: Firma
F89: Nombre:
F90: Representante Legal del Interventor o su Apoderado
F91: Matricula No. :
A92: Original: Archivo de Gestión Contractual ( Subdirecciòn Administrativa)
A93: Copias : Unidad Ejecutora, Contratista, Interventor y Dirección Territorial.

Sheet 211.1
K1: CÓDIGO | L1: MINFRA-MN-IN-10-FR-1
C2: INSTITUTO NACIONAL DE VIAS
C3: PROCESO GESTIÓN DE LA INFRAESTRUCTURA VIAL | K3: VERSIÓN | L3: 1
C4: MANUAL DE INTERVENTORÍA OBRA PÚBLICA
C5: ANÁLISIS DE PRECIOS UNITARIOS | K5: PÁGINA | M5: DE
K8: FECHA
L9: (Día) | M9: (Mes) | N9: (Año)
B10: ITEMS DE LA PROPUESTA ECONÓMICA | F10: □ | I10: ITEMS NO PREVISTOS | K10: □
B11: UNIDAD EJECUTORA: | J11: DIRECCIÓN TERRITORIAL:
B14: CONTRATO No. | D14: DE
B15: OBJETO DEL CONTRATO:
B18: CARRETERA: | J18: SECTOR:
B20: CONTRATISTA:
B22: INTERVENTOR: | K22: CTO No.: | M22: DE
B24: FECHA CIERRE PROCESO DE SELECCIÓN CONTRATO DE OBRA:
F25: (Día) | I25: (Mes) | J25: (Año)
B27: DATOS ESPECÍFICOS
B29: ITEM | C29: DESCRIPCIÓN | K29: GRUPO DE AJUSTE | L29: UNIDAD | N29: CANTIDAD
B30: ITEM | C30: DESCRIPCIÓN | L30: UNIDAD | N30: CANTIDAD
A31: Unidad | B31: 211.1 | C31: REMOCIÓN DE DERRUMBES | L31: m3
B33: I. EQUIPO
B35: DESCRIPCIÓN | I35: TIPO | K35: TARIFA/HORA | L35: RENDIMIENTO | N35: Vr. UNITARIO
A36: C0010130 | B36: =VLOOKUP(A36,[79]EQUIPOS!A6:D154,3,FALSE) -> Cargador : Potencia en el volante 110 hp, Clasificación de RPM del motor 2300. | K36: =VLOOKUP(A36,[79]EQUIPOS!A6:D163,4,FALSE) -> 122005.87 | M36: 66 | N36: =K36/M36 -> 1848.5737
A37: C0010052 | B37: =VLOOKUP(A37,[79]EQUIPOS!A7:D154,3,FALSE) -> Buldozer, Potencia al volante de 140 HP, motor de 2200 RPM, longitud de hoja 4,80m. | K37: =VLOOKUP(A37,[79]EQUIPOS!A7:D164,4,FALSE) -> 141426.11 | M37: 100 | N37: =K37/M37 -> 1414.2611
B42: HERRAMIENTA MENOR (%) | L42: 0.01 | N42: =N76*L42 -> 1.7232026
B43: SUBTOTAL $ | N43: =SUM(N36:N42) -> 3264.5581
B45: II. MATERIALES
B47: DESCRIPCIÓN | J47: UNIDAD | K47: CANTIDAD | L47: PRECIO UNIT. | N47: Vr. UNITARIO
A48: B0013820 | B48: =VLOOKUP(A48,[79]MATERIALES!A4:D373,3,FALSE) -> Disposición de material de derrumbe | J48: =VLOOKUP(A48,[79]MATERIALES!A4:D373,2,FALSE) -> m3 | K48: 1 | M48: =VLOOKUP(A48,[79]MATERIALES!A4:D395,4,FALSE) -> 1972.6874 | N48: =K48*M48 -> 1972.6874
B54: SUBTOTAL $ | N54: =SUM(N48:N53) -> 1972.6874
B56: III. TRANSPORTES
B58: MATERIAL | H58: UNIDAD | I58: CANTIDAD (1) | J58: DISTANCIA (2) | K58: (1) * (2) | L58: TARIFA | N58: Vr. UNITARIO
B65: SUBTOTAL $
B67: IV. MANO DE OBRA
B69: TRABAJADOR | I69: JORNAL | J69: PRESTACIONES (%) | K69: JORNAL TOTAL | L69: RENDIMIENTO | N69: Vr. UNITARIO
A70: A0030020 | B70: =VLOOKUP(A70,'[79]MANO DE OBRA'!A8:D68,3,FALSE) -> Obrero (2) | I70: =K70/J70*100 -> 49181.133 | J70: 185 | K70: =VLOOKUP(A70,'[79]MANO DE OBRA'!A8:D99,4,FALSE) -> 90985.097 | M70: 528 | N70: =K70/M70 -> 172.32026
B76: SUBTOTAL $ | N76: =SUM(N70:N75) -> 172.32026
B78: TOTAL COSTO DIRECTO $ | N78: =N43+N54+N65+N76 -> 5409.5657
B80: V. COSTOS INDIRECTOS
B82: Descripción | K82: Porcentaje | L82: Valor Total
B83: ADMINISTRACION | K83: 0.2 | L83: =N78*K83 -> 1081.9131
B84: IMPREVISTOS | K84: 0.05 | L84: =N78*K84 -> 270.47829
B85: UTILIDAD | K85: 0.05 | L85: =N78*K85 -> 270.47829
B86: SUBTOTAL $ | N86: =L83+L84+L85 -> 1622.8697
A88: PFinal01 | B88: Precio Unitario Total Aproximado al Peso $ | N88: =N78+N86 -> 7032.4354
E93: Firma
E94: Nombre:
E95: Representante Legal del Contratista o su Apoderado
E96: Matricula No. :
B98: OBSERVACIONES INTERVENTORÍA:
B104: APROBACIÓN POR INTERVENTORÍA
B105: Nota 1: Cuando se trate de Análisis de precios unitarios correspondientes a ítems de la propuesta económica aprobada, el Interventor aprueba el desglose de los componentes manteniendo el mismo precio unitario de cada ítem, cumpliendo con las especificaciones de construcción vigentes para el proyecto.
B107: Nota 2: Cuando se trate de Análisis de precios unitarios de ítems no previstos, el Interventor aprueba el desglose y precio unitario de cada ítem no previsto, exigiendo la aplicación de los costos correspondientes a insumos y tarifas de la propuesta económica inicial cuando estén contemplados, cumpliendo con las especificaciones de construcción vigente para el proyecto.
E113: Firma
E114: Nombre:
E115: Representante Legal del Interventor o su Apoderado
E116: Matricula No. :
B118: Original: Archivo de Gestión del Contrato (Subdirección Administrativa).
B119: Copias: Unidad Ejecutora, Contratista, Interventor y Dirección Territorial.

Sheet 311.1
K1: CÓDIGO | L1: MINFRA-MN-IN-10-FR-1
C2: INSTITUTO NACIONAL DE VIAS
C3: PROCESO GESTIÓN DE LA INFRAESTRUCTURA VIAL | K3: VERSIÓN | L3: 1
C4: MANUAL DE INTERVENTORÍA OBRA PÚBLICA
C5: ANÁLISIS DE PRECIOS UNITARIOS | K5: PÁGINA | M5: DE
K8: FECHA
L9: (Día) | M9: (Mes) | N9: (Año)
B10: ITEMS DE LA PROPUESTA ECONÓMICA | F10: □ | I10: ITEMS NO PREVISTOS | K10: □
B11: UNIDAD EJECUTORA: | J11: DIRECCIÓN TERRITORIAL:
B14: CONTRATO No. | D14: DE
B15: OBJETO DEL CONTRATO:
B18: CARRETERA: | J18: SECTOR:
B20: CONTRATISTA:
B22: INTERVENTOR: | K22: CTO No.: | M22: DE
B24: FECHA CIERRE PROCESO DE SELECCIÓN CONTRATO DE OBRA:
F25: (Día) | I25: (Mes) | J25: (Año)
B27: DATOS ESPECÍFICOS
B29: ITEM | C29: DESCRIPCIÓN | K29: GRUPO DE AJUSTE | L29: UNIDAD | N29: CANTIDAD
B30: ITEM | C30: DESCRIPCIÓN | L30: UNIDAD | N30: CANTIDAD
A31: Unidad | B31: 311.1 | C31: AFIRMADO | L31: m3
B33: I. EQUIPO
B35: DESCRIPCIÓN | I35: TIPO | K35: TARIFA/HORA | L35: RENDIMIENTO | N35: Vr. UNITARIO
A36: C0010150 | B36: =VLOOKUP(A36,[79]EQUIPOS!A6:D154,3,FALSE) -> Carrotanque de agua(1000 Galones) | K36: =VLOOKUP(A36,[79]EQUIPOS!A6:D163,4,FALSE) -> 62653.433 | M36: 45 | N36: =K36/M36 -> 1392.2985
A37: C0010610 | B37: =VLOOKUP(A37,[79]EQUIPOS!A7:D154,3,FALSE) -> Motoniveladora potencia 215 HP, ancho de cuchilla 4,27 m, peso 18 ton. | K37: =VLOOKUP(A37,[79]EQUIPOS!A7:D164,4,FALSE) -> 172833.33 | M37: 45 | N37: =K37/M37 -> 3840.7407
A38: C0010923 | B38: =VLOOKUP(A38,[79]EQUIPOS!A8:D154,3,FALSE) -> Vibrocompatador, potencia 153 HP, peso 10 Ton. | K38: =VLOOKUP(A38,[79]EQUIPOS!A8:D165,4,FALSE) -> 91333.333 | M38: 45 | N38: =K38/M38 -> 2029.6296
B41: HERRAMIENTA MENOR (%) | M41: 0.02 | N41: =N75*M41 -> 10.109455
B43: SUBTOTAL $ | N43: =SUM(N36:N42) -> 7272.7783
B45: II. MATERIALES
B47: DESCRIPCIÓN | J47: UNIDAD | K47: CANTIDAD | L47: PRECIO UNIT. | N47: Vr. UNITARIO
A48: B0063200 | B48: =VLOOKUP(A48,[79]MATERIALES!A5:D373,3,FALSE) -> Agua | J48: =VLOOKUP(A48,[79]MATERIALES!A4:D373,2,FALSE) -> lt | K48: 25 | M48: =VLOOKUP(A48,[79]MATERIALES!A5:D396,4,FALSE) -> 50.937843 | N48: =K48*M48 -> 1273.4461
A49: B0014281 | B49: =VLOOKUP(A49,[79]MATERIALES!A6:D373,3,FALSE) -> Material de afirmado de la Zona | J49: =VLOOKUP(A49,[79]MATERIALES!A5:D373,2,FALSE) -> m3 | K49: 1.25 | M49: =VLOOKUP(A49,[79]MATERIALES!A6:D397,4,FALSE) -> 23771.8 | N49: =K49*M49 -> 29714.75
B53: SUBTOTAL $ | N53: =SUM(N48:N52) -> 30988.196
B55: III. TRANSPORTES
B57: MATERIAL | H57: UNIDAD | I57: CANTIDAD (1) | J57: DISTANCIA (2) | K57: (1) * (2) | L57: TARIFA | N57: Vr. UNITARIO
A58: T0010089 | B58: =VLOOKUP(A58,[79]TRANSPORTE!A5:D117,3,FALSE) -> Transporte de Material de Afirmado de la Zona | H58: m3km | I58: 1.25 | J58: 1 | K58: =I58*J58 -> 1.25 | L58: =VLOOKUP(A58,[79]TRANSPORTE!A5:D117,4,FALSE) -> 881.02273 | N58: =K58*L58 -> 1101.2784
B64: SUBTOTAL $ | N64: =N58+N59+N60+N61+N62 -> 1101.2784
B66: IV. MANO DE OBRA
B68: TRABAJADOR | I68: JORNAL | J68: PRESTACIONES (%) | K68: JORNAL TOTAL | L68: RENDIMIENTO | N68: Vr. UNITARIO
A69: A0040010 | B69: =VLOOKUP(A69,'[79]MANO DE OBRA'!A8:D68,3,FALSE) -> Oficial | I69: =K69/J69*100 -> 49181.133 | J69: 185 | K69: =VLOOKUP(A69,'[79]MANO DE OBRA'!A8:D99,4,FALSE) -> 90985.097 | M69: 360 | N69: =K69/M69 -> 252.73638
A70: A0030020 | B70: =VLOOKUP(A70,'[79]MANO DE OBRA'!A8:D69,3,FALSE) -> Obrero (2) | I70: =K70/J70*100 -> 49181.133 | J70: 185 | K70: =VLOOKUP(A70,'[79]MANO DE OBRA'!A8:D100,4,FALSE) -> 90985.097 | M70: 360 | N70: =K70/M70 -> 252.73638
B75: SUBTOTAL $ | N75: =SUM(N69:N74) -> 505.47276
B77: TOTAL COSTO DIRECTO $ | N77: =N43+N53+N64+N75 -> 39867.726
B79: V. COSTOS INDIRECTOS
B81: Descripción | K81: Porcentaje | L81: Valor Total
B82: ADMINISTRACION | K82: 0.2 | L82: =N77*K82 -> 7973.5451
B83: IMPREVISTOS | K83: 0.05 | L83: =N77*K83 -> 1993.3863
B84: UTILIDAD | K84: 0.05 | L84: =N77*K84 -> 1993.3863
B85: SUBTOTAL $ | N85: =L82+L83+L84 -> 11960.318
A87: PFinal01 | B87: Precio Unitario Total Aproximado al Peso $ | N87: =N77+N85 -> 51828.043
E92: Firma
E93: Nombre:
E94: Representante Legal del Contratista o su Apoderado
E95: Matricula No. :
B97: OBSERVACIONES INTERVENTORÍA:
B103: APROBACIÓN POR INTERVENTORÍA
B104: Nota 1: Cuando se trate de Análisis de precios unitarios correspondientes a ítems de la propuesta económica aprobada, el Interventor aprueba el desglose de los componentes manteniendo el mismo precio unitario de cada ítem, cumpliendo con las especificaciones de construcción vigentes para el proyecto.
B106: Nota 2: Cuando se trate de Análisis de precios unitarios de ítems no previstos, el Interventor aprueba el desglose y precio unitario de cada ítem no previsto, exigiendo la aplicación de los costos correspondientes a insumos y tarifas de la propuesta económica inicial cuando estén contemplados, cumpliendo con las especificaciones de construcción vigente para el proyecto.
E112: Firma
E113: Nombre:
E114: Representante Legal del Interventor o su Apoderado
E115: Matricula No. :
B117: Original: Archivo de Gestión del Contrato (Subdirección Administrativa).
B118: Copias: Unidad Ejecutora, Contratista, Interventor y Dirección Territorial.

Sheet 600.1.1
K1: CÓDIGO | L1: MINFRA-MN-IN-10-FR-1
C2: INSTITUTO NACIONAL DE VIAS
C3: PROCESO GESTIÓN DE LA INFRAESTRUCTURA VIAL | K3: VERSIÓN | L3: 1
C4: MANUAL DE INTERVENTORÍA OBRA PÚBLICA
C5: ANÁLISIS DE PRECIOS UNITARIOS | K5: PÁGINA | M5: DE
K8: FECHA
L9: (Día) | M9: (Mes) | N9: (Año)
B10: ITEMS DE LA PROPUESTA ECONÓMICA | F10: □ | I10: ITEMS NO PREVISTOS | K10: □
B11: UNIDAD EJECUTORA: | J11: DIRECCIÓN TERRITORIAL:
B14: CONTRATO No. | D14: DE
B15: OBJETO DEL CONTRATO:
B18: CARRETERA: | J18: SECTOR:
B20: CONTRATISTA:
B22: INTERVENTOR: | K22: CTO No.: | M22: DE
B24: FECHA CIERRE PROCESO DE SELECCIÓN CONTRATO DE OBRA:
F25: (Día) | I25: (Mes) | J25: (Año)
B27: DATOS ESPECÍFICOS
B29: ITEM | C29: DESCRIPCIÓN | K29: GRUPO DE AJUSTE | L29: UNIDAD | N29: CANTIDAD
B30: ITEM | C30: DESCRIPCIÓN | L30: UNIDAD | N30: CANTIDAD
A31: Unidad | B31: 600.1.1 | C31: Excavaciones Varias sin Clasificar | L31: m3
B33: I. EQUIPO
B35: DESCRIPCIÓN | I35: TIPO | K35: TARIFA/HORA | L35: RENDIMIENTO | N35: Vr. UNITARIO
A36: C0010270 | B36: =VLOOKUP(A36,[79]EQUIPOS!A6:D154,3,FALSE) -> Compresor 120 HP, con martillo. | K36: =VLOOKUP(A36,[79]EQUIPOS!A6:D163,4,FALSE) -> 75944.243 | M36: 35 | N36: =K36/M36 -> 2169.8355
A37: C0010790 | B37: =VLOOKUP(A37,[79]EQUIPOS!A7:D154,3,FALSE) -> Retroexcavadora sobre oruga, potencia 138 HP, balde de 1,5 m3. | K37: =VLOOKUP(A37,[79]EQUIPOS!A7:D164,4,FALSE) -> 184343.65 | M37: 35 | N37: =K37/M37 -> 5266.9615
B40: HERRAMIENTA MENOR (%) | M40: 0.01 | N40: =N73*M40 -> 6.4989355
B42: SUBTOTAL $ | N42: =SUM(N36:N41) -> 7443.296
B44: II. MATERIALES
B46: DESCRIPCIÓN | J46: UNIDAD | K46: CANTIDAD | L46: PRECIO UNIT. | N46: Vr. UNITARIO
A47: B0013790 | B47: =VLOOKUP(A47,[79]MATERIALES!A5:D373,3,FALSE) -> Derechos de explotación y/o disposición de materiales | J47: =VLOOKUP(A47,[79]MATERIALES!A3:D639,2,FALSE) -> m3 | K47: 1.3 | M47: =VLOOKUP(A47,[79]MATERIALES!A5:D396,4,FALSE) -> 2825.0267 | N47: =K47*M47 -> 3672.5347
B51: SUBTOTAL $ | N51: =SUM(N47:N50) -> 3672.5347
B53: III. TRANSPORTES
B55: MATERIAL | H55: UNIDAD | I55: CANTIDAD (1) | J55: DISTANCIA (2) | K55: (1) * (2) | L55: TARIFA | N55: Vr. UNITARIO
A56: T0010025 | B56: =VLOOKUP(A56,[79]TRANSPORTE!A5:D117,3,FALSE) -> Transporte de material de excavación | H56: m3km | I56: 1.3 | J56: 1 | K56: =I56*J56 -> 1.3 | L56: =VLOOKUP(A56,[79]TRANSPORTE!A5:D117,4,FALSE) -> 881.02273 | N56: =K56*L56 -> 1145.3295
B62: SUBTOTAL $ | N62: =N56+N57+N58+N59+N60 -> 1145.3295
B64: IV. MANO DE OBRA
B66: TRABAJADOR | I66: JORNAL | J66: PRESTACIONES (%) | K66: JORNAL TOTAL | L66: RENDIMIENTO | N66: Vr. UNITARIO
A67: A0030020 | B67: =VLOOKUP(A67,'[79]MANO DE OBRA'!A8:D68,3,FALSE) -> Obrero (2) | I67: =K67/J67*100 -> 49181.133 | J67: 185 | K67: =VLOOKUP(A67,'[79]MANO DE OBRA'!A8:D99,4,FALSE) -> 90985.097 | M67: 280 | N67: =K67/M67 -> 324.94677
A68: A0040010 | B68: =VLOOKUP(A68,'[79]MANO DE OBRA'!A8:D69,3,FALSE) -> Oficial | I68: =K68/J68*100 -> 49181.133 | J68: 185 | K68: =VLOOKUP(A68,'[79]MANO DE OBRA'!A8:D100,4,FALSE) -> 90985.097 | M68: 280 | N68: =K68/M68 -> 324.94677
B73: SUBTOTAL $ | N73: =SUM(N67:N72) -> 649.89355
B75: TOTAL COSTO DIRECTO $ | N75: =N42+N51+N62+N73 -> 12911.054
B77: V. COSTOS INDIRECTOS
B79: Descripción | K79: Porcentaje | L79: Valor Total
B80: ADMINISTRACION | K80: 0.2 | L80: =N75*K80 -> 2582.2107
B81: IMPREVISTOS | K81: 0.05 | L81: =N75*K81 -> 645.55269
B82: UTILIDAD | K82: 0.05 | L82: =N75*K82 -> 645.55269
B83: SUBTOTAL $ | N83: =L80+L81+L82 -> 3873.3161
A85: PFinal01 | B85: Precio Unitario Total Aproximado al Peso $ | N85: =N75+N83 -> 16784.37
E90: Firma
E91: Nombre:
E92: Representante Legal del Contratista o su Apoderado
E93: Matricula No. :
B95: OBSERVACIONES INTERVENTORÍA:
B101: APROBACIÓN POR INTERVENTORÍA
B102: Nota 1: Cuando se trate de Análisis de precios unitarios correspondientes a ítems de la propuesta económica aprobada, el Interventor aprueba el desglose de los componentes manteniendo el mismo precio unitario de cada ítem, cumpliendo con las especificaciones de construcción vigentes para el proyecto.
B104: Nota 2: Cuando se trate de Análisis de precios unitarios de ítems no previstos, el Interventor aprueba el desglose y precio unitario de cada ítem no previsto, exigiendo la aplicación de los costos correspondientes a insumos y tarifas de la propuesta económica inicial cuando estén contemplados, cumpliendo con las especificaciones de construcción vigente para el proyecto.
E110: Firma
E111: Nombre:
E112: Representante Legal del Interventor o su Apoderado
E113: Matricula No. :
B115: Original: Archivo de Gestión del Contrato (Subdirección Administrativa).
B116: Copias: Unidad Ejecutora, Contratista, Interventor y Dirección Territorial.

Sheet 610.2
K1: CÓDIGO | L1: MINFRA-MN-IN-10-FR-1
C2: INSTITUTO NACIONAL DE VIAS
C3: PROCESO GESTIÓN DE LA INFRAESTRUCTURA VIAL | K3: VERSIÓN | L3: 1
C4: MANUAL DE INTERVENTORÍA OBRA PÚBLICA
C5: ANÁLISIS DE PRECIOS UNITARIOS | K5: PÁGINA | M5: DE
K8: FECHA
L9: (Día) | M9: (Mes) | N9: (Año)
B10: ITEMS DE LA PROPUESTA ECONÓMICA | F10: □ | I10: ITEMS NO PREVISTOS | K10: □
B11: UNIDAD EJECUTORA: | J11: DIRECCIÓN TERRITORIAL:
B14: CONTRATO No. | D14: DE
B15: OBJETO DEL CONTRATO:
B18: CARRETERA: | J18: SECTOR:
B20: CONTRATISTA:
B22: INTERVENTOR: | K22: CTO No.: | M22: DE
B24: FECHA CIERRE PROCESO DE SELECCIÓN CONTRATO DE OBRA:
F25: (Día) | I25: (Mes) | J25: (Año)
B27: DATOS ESPECÍFICOS
B29: ITEM | C29: DESCRIPCIÓN | K29: GRUPO DE AJUSTE | L29: UNIDAD | N29: CANTIDAD
B30: ITEM | C30: DESCRIPCIÓN | L30: UNIDAD | N30: CANTIDAD
A31: Unidad | B31: 610.2 | C31: Rellenos Para Estructuras con Recebo. | L31: m3
B33: I. EQUIPO
B35: DESCRIPCIÓN | I35: TIPO | K35: TARIFA/HORA | L35: RENDIMIENTO | N35: Vr. UNITARIO
A36: C0010200 | B36: =VLOOKUP(A36,[79]EQUIPOS!A6:D154,3,FALSE) -> Compactador manual (SALTARIN) Peso de operación (Kg.) 52, Fuerza de impacto por golpe (KN) 12. | K36: =VLOOKUP(A36,[79]EQUIPOS!A6:D163,4,FALSE) -> 10181.2 | M36: 2.5 | N36: =K36/M36 -> 4072.48
B41: HERRAMIENTA MENOR (%) | M41: 0.05 | N41: =N77*M41 -> 341.19411
B43: SUBTOTAL $ | N43: =SUM(N36:N42) -> 4413.6741
B45: II. MATERIALES
B47: DESCRIPCIÓN | J47: UNIDAD | K47: CANTIDAD | L47: PRECIO UNIT. | N47: Vr. UNITARIO
A48: B0014373 | B48: =VLOOKUP(A48,[79]MATERIALES!A5:D373,3,FALSE) -> Material de Recebo Para Relleno | J48: =VLOOKUP(A48,[79]MATERIALES!A4:D640,2,FALSE) -> m3 | K48: 1.3 | M48: =VLOOKUP(A48,[79]MATERIALES!A5:D396,4,FALSE) -> 22926.089 | N48: =K48*M48 -> 29803.916
A49: B0063200 | B49: =VLOOKUP(A49,[79]MATERIALES!A6:D373,3,FALSE) -> Agua | J49: =VLOOKUP(A49,[79]MATERIALES!A5:D641,2,FALSE) -> lt | K49: 30 | M49: =VLOOKUP(A49,[79]MATERIALES!A6:D397,4,FALSE) -> 50.937843 | N49: =K49*M49 -> 1528.1353
B55: SUBTOTAL $ | N55: =SUM(N48:N54) -> 31332.051
B57: III. TRANSPORTES
B59: MATERIAL | H59: UNIDAD | I59: CANTIDAD (1) | J59: DISTANCIA (2) | K59: (1) * (2) | L59: TARIFA | N59: Vr. UNITARIO
A60: T0010062 | B60: =VLOOKUP(A60,[79]TRANSPORTE!A5:D117,3,FALSE) -> Transporte de material seleccionado para relleno | H60: m3km | I60: 1.3 | J60: 1 | K60: =I60*J60 -> 1.3 | L60: =VLOOKUP(A60,[79]TRANSPORTE!A5:D117,4,FALSE) -> 881.02273 | N60: =K60*L60 -> 1145.3295
B66: SUBTOTAL $ | N66: =N60+N61+N62+N63+N64 -> 1145.3295
B68: IV. MANO DE OBRA
B70: TRABAJADOR | I70: JORNAL | J70: PRESTACIONES (%) | K70: JORNAL TOTAL | L70: RENDIMIENTO | N70: Vr. UNITARIO
A71: A0030030 | B71: =VLOOKUP(A71,'[79]MANO DE OBRA'!A8:D68,3,FALSE) -> Obrero (3) | I71: =K71/J71*100 -> 73771.7 | J71: 185 | K71: =VLOOKUP(A71,'[79]MANO DE OBRA'!A8:D99,4,FALSE) -> 136477.64 | M71: 20 | N71: =K71/M71 -> 6823.8822
B77: SUBTOTAL $ | N77: =SUM(N71:N76) -> 6823.8822
B79: TOTAL COSTO DIRECTO $ | N79: =N43+N55+N66+N77 -> 43714.937
B81: V. COSTOS INDIRECTOS
B83: Descripción | K83: Porcentaje | L83: Valor Total
B84: ADMINISTRACION | K84: 0.2 | L84: =N79*K84 -> 8742.9874
B85: IMPREVISTOS | K85: 0.05 | L85: =N79*K85 -> 2185.7468
B86: UTILIDAD | K86: 0.05 | L86: =N79*K86 -> 2185.7468
B87: SUBTOTAL $ | N87: =L84+L85+L86 -> 13114.481
A89: PFinal01 | B89: Precio Unitario Total Aproximado al Peso $ | N89: =N79+N87 -> 56829.418
E94: Firma
E95: Nombre:
E96: Representante Legal del Contratista o su Apoderado
E97: Matricula No. :
B99: OBSERVACIONES INTERVENTORÍA:
B105: APROBACIÓN POR INTERVENTORÍA
B106: Nota 1: Cuando se trate de Análisis de precios unitarios correspondientes a ítems de la propuesta económica aprobada, el Interventor aprueba el desglose de los componentes manteniendo el mismo precio unitario de cada ítem, cumpliendo con las especificaciones de construcción vigentes para el proyecto.
B108: Nota 2: Cuando se trate de Análisis de precios unitarios de ítems no previstos, el Interventor aprueba el desglose y precio unitario de cada ítem no previsto, exigiendo la aplicación de los costos correspondientes a insumos y tarifas de la propuesta económica inicial cuando estén contemplados, cumpliendo con las especificaciones de construcción vigente para el proyecto.
E114: Firma
E115: Nombre:
E116: Representante Legal del Interventor o su Apoderado
E117: Matricula No. :
B119: Original: Archivo de Gestión del Contrato (Subdirección Administrativa).
B120: Copias: Unidad Ejecutora, Contratista, Interventor y Dirección Territorial.

Sheet 630.4
K1: CÓDIGO | L1: MINFRA-MN-IN-10-FR-1
C2: INSTITUTO NACIONAL DE VIAS
C3: PROCESO GESTIÓN DE LA INFRAESTRUCTURA VIAL | K3: VERSIÓN | L3: 1
C4: MANUAL DE INTERVENTORÍA OBRA PÚBLICA
C5: ANÁLISIS DE PRECIOS UNITARIOS | K5: PÁGINA | M5: DE
K8: FECHA
L9: (Día) | M9: (Mes) | N9: (Año)
B10: ITEMS DE LA PROPUESTA ECONÓMICA | F10: □ | I10: ITEMS NO PREVISTOS | K10: □
B11: UNIDAD EJECUTORA: | J11: DIRECCIÓN TERRITORIAL:
B14: CONTRATO No. | D14: DE
B15: OBJETO DEL CONTRATO:
B18: CARRETERA: | J18: SECTOR:
B20: CONTRATISTA:
B22: INTERVENTOR: | K22: CTO No.: | M22: DE
B24: FECHA CIERRE PROCESO DE SELECCIÓN CONTRATO DE OBRA:
F25: (Día) | I25: (Mes) | J25: (Año)
B27: DATOS ESPECÍFICOS
B29: ITEM | C29: DESCRIPCIÓN | K29: GRUPO DE AJUSTE | L29: UNIDAD | N29: CANTIDAD
B30: ITEM | C30: DESCRIPCIÓN | L30: UNIDAD | N30: CANTIDAD
A31: Unidad | B31: 630.4 | C31: Concreto Resistencia 21MPa (D) | L31: m3
B33: I. EQUIPO
B35: DESCRIPCIÓN | I35: TIPO | K35: TARIFA/HORA | L35: RENDIMIENTO | N35: Vr. UNITARIO
A36: C0010010 | B36: =VLOOKUP(A36,[79]EQUIPOS!A6:D154,3,FALSE) -> Aspersor manual | K36: =VLOOKUP(A36,[79]EQUIPOS!A6:D163,4,FALSE) -> 2553.5393 | M36: 2 | N36: =K36/M36 -> 1276.7696
A37: C0010922 | B37: =VLOOKUP(A37,[79]EQUIPOS!A7:D154,3,FALSE) -> Vibrador de concreto, Motor de 3 hp a 18.000 rpm Mangueras de 4 mt | K37: =VLOOKUP(A37,[79]EQUIPOS!A7:D164,4,FALSE) -> 4930.1736 | M37: 2 | N37: =K37/M37 -> 2465.0868
B41: HERRAMIENTA MENOR (%) | M41: 0.05 | N41: =N77*M41 -> 1137.3137
B43: SUBTOTAL $ | N43: =SUM(N36:N42) -> 4879.1702
B45: II. MATERIALES
B47: DESCRIPCIÓN | J47: UNIDAD | K47: CANTIDAD | L47: PRECIO UNIT. | N47: Vr. UNITARIO
A48: B0123650 | B48: =VLOOKUP(A48,[79]MATERIALES!A5:D373,3,FALSE) -> Concreto Resistencia 21 (Mpa) | J48: =VLOOKUP(A48,[79]MATERIALES!A4:D640,2,FALSE) -> m3 | K48: 1 | M48: =VLOOKUP(A48,[79]MATERIALES!A5:D396,4,FALSE) -> 424641.8 | N48: =K48*M48 -> 424641.8
A49: B0063290 | B49: =VLOOKUP(A49,[79]MATERIALES!A6:D373,3,FALSE) -> Antisol blanco (presentación 20 kg) | J49: =VLOOKUP(A49,[79]MATERIALES!A5:D641,2,FALSE) -> kg | K49: 1 | M49: =VLOOKUP(A49,[79]MATERIALES!A6:D397,4,FALSE) -> 5851.3983 | N49: =K49*M49 -> 5851.3983
A50: B021001 | B50: =VLOOKUP(A50,[79]MATERIALES!A6:D373,3,FALSE) -> Formaleta (gaviones, juntas de bordillos, juntas de cunetas, muros, concretos clase D,E, F y G) | J50: =VLOOKUP(A50,[79]MATERIALES!A6:D642,2,FALSE) -> m2 | K50: 4.6 | M50: =VLOOKUP(A50,[79]MATERIALES!A6:D398,4,FALSE) -> 6095.7368 | N50: =K50*M50 -> 28040.389
B55: SUBTOTAL $ | N55: =SUM(N48:N54) -> 458533.59
B57: III. TRANSPORTES
B59: MATERIAL | H59: UNIDAD | I59: CANTIDAD (1) | J59: DISTANCIA (2) | K59: (1) * (2) | L59: TARIFA | N59: Vr. UNITARIO
A60: T0010009 | B60: =VLOOKUP(A60,[79]TRANSPORTE!A2:D117,3,FALSE) -> Transporte de concreto | H60: m3k | I60: 1 | J60: 1 | K60: =I60*J60 -> 1 | L60: =VLOOKUP(A60,[79]TRANSPORTE!A2:D117,4,FALSE) -> 881.02273 | N60: =K60*L60 -> 881.02273
B66: SUBTOTAL $ | N66: =N60+N61+N62+N63+N64 -> 881.02273
B68: IV. MANO DE OBRA
B70: TRABAJADOR | I70: JORNAL | J70: PRESTACIONES (%) | K70: JORNAL TOTAL | L70: RENDIMIENTO | N70: Vr. UNITARIO
A71: A0030060 | B71: =VLOOKUP(A71,'[79]MANO DE OBRA'!A8:D68,3,FALSE) -> Obrero (6) | I71: =K71/J71*100 -> 147543.4 | J71: 185 | K71: =VLOOKUP(A71,'[79]MANO DE OBRA'!A8:D99,4,FALSE) -> 272955.29 | M71: 16 | N71: =K71/M71 -> 17059.706
A72: A0040010 | B72: =VLOOKUP(A72,'[79]MANO DE OBRA'!A8:D69,3,FALSE) -> Oficial | I72: =K72/J72*100 -> 49181.133 | J72: 185 | K72: =VLOOKUP(A72,'[79]MANO DE OBRA'!A8:D100,4,FALSE) -> 90985.097 | M72: 16 | N72: =K72/M72 -> 5686.5685
B77: SUBTOTAL $ | N77: =SUM(N71:N76) -> 22746.274
B79: TOTAL COSTO DIRECTO $ | N79: =N43+N55+N66+N77 -> 487040.05
B81: V. COSTOS INDIRECTOS
B83: Descripción | K83: Porcentaje | L83: Valor Total
B84: ADMINISTRACION | K84: 0.2 | L84: =N79*K84 -> 97408.011
B85: IMPREVISTOS | K85: 0.05 | L85: =N79*K85 -> 24352.003
B86: UTILIDAD | K86: 0.05 | L86: =N79*K86 -> 24352.003
B87: SUBTOTAL $ | N87: =L84+L85+L86 -> 146112.02
A89: PFinal01 | B89: Precio Unitario Total Aproximado al Peso $ | N89: =N79+N87 -> 633152.07
E94: Firma
E95: Nombre:
E96: Representante Legal del Contratista o su Apoderado
E97: Matricula No. :
B99: OBSERVACIONES INTERVENTORÍA:
B105: APROBACIÓN POR INTERVENTORÍA
B106: Nota 1: Cuando se trate de Análisis de precios unitarios correspondientes a ítems de la propuesta económica aprobada, el Interventor aprueba el desglose de los componentes manteniendo el mismo precio unitario de cada ítem, cumpliendo con las especificaciones de construcción vigentes para el proyecto.
B108: Nota 2: Cuando se trate de Análisis de precios unitarios de ítems no previstos, el Interventor aprueba el desglose y precio unitario de cada ítem no previsto, exigiendo la aplicación de los costos correspondientes a insumos y tarifas de la propuesta económica inicial cuando estén contemplados, cumpliendo con las especificaciones de construcción vigente para el proyecto.
E114: Firma
E115: Nombre:
E116: Representante Legal del Interventor o su Apoderado
E117: Matricula No. :
B119: Original: Archivo de Gestión del Contrato (Subdirección Administrativa).
B120: Copias: Unidad Ejecutora, Contratista, Interventor y Dirección Territorial.

Sheet 630.7
K1: CÓDIGO | L1: MINFRA-MN-IN-10-FR-1
C2: INSTITUTO NACIONAL DE VIAS
C3: PROCESO GESTIÓN DE LA INFRAESTRUCTURA VIAL | K3: VERSIÓN | L3: 1
C4: MANUAL DE INTERVENTORÍA OBRA PÚBLICA
C5: ANÁLISIS DE PRECIOS UNITARIOS | K5: PÁGINA | M5: DE
K8: FECHA
L9: (Día) | M9: (Mes) | N9: (Año)
B10: ITEMS DE LA PROPUESTA ECONÓMICA | F10: □ | I10: ITEMS NO PREVISTOS | K10: □
B11: UNIDAD EJECUTORA: | J11: DIRECCIÓN TERRITORIAL:
B14: CONTRATO No. | D14: DE
B15: OBJETO DEL CONTRATO:
B18: CARRETERA: | J18: SECTOR:
B20: CONTRATISTA:
B22: INTERVENTOR: | K22: CTO No.: | M22: DE
B24: FECHA CIERRE PROCESO DE SELECCIÓN CONTRATO DE OBRA:
F25: (Día) | I25: (Mes) | J25: (Año)
B27: DATOS ESPECÍFICOS
B29: ITEM | C29: DESCRIPCIÓN | K29: GRUPO DE AJUSTE | L29: UNIDAD | N29: CANTIDAD
B30: ITEM | C30: DESCRIPCIÓN | L30: UNIDAD | N30: CANTIDAD
A31: Unidad | B31: 630.7 | C31: Concreto Resistencia 14MPa (G) (Ciclopeo) | L31: m3
B33: I. EQUIPO
B35: DESCRIPCIÓN | I35: TIPO | K35: TARIFA/HORA | L35: RENDIMIENTO | N35: Vr. UNITARIO
A36: C0010550 | B36: =VLOOKUP(A36,[79]EQUIPOS!A6:D154,3,FALSE) -> Mezcladora de concreto 1 bulto | K36: =VLOOKUP(A36,[79]EQUIPOS!A6:D163,4,FALSE) -> 6548.9113 | M36: 1 | N36: =K36/M36 -> 6548.9113
B41: HERRAMIENTA MENOR (%) | M41: 0.05 | N41: =N81*M41 -> 2274.6274
B43: SUBTOTAL $ | N43: =SUM(N36:N42) -> 8823.5387
B45: II. MATERIALES
B47: DESCRIPCIÓN | J47: UNIDAD | K47: CANTIDAD | L47: PRECIO UNIT. | N47: Vr. UNITARIO
A48: B0053100 | B48: =VLOOKUP(A48,[79]MATERIALES!A5:D373,3,FALSE) -> Agregado para concreto hidráulico | J48: =VLOOKUP(A48,[79]MATERIALES!A4:D640,2,FALSE) -> m3 | K48: 0.504 | M48: =VLOOKUP(A48,[79]MATERIALES!A5:D396,4,FALSE) -> 55110.85 | N48: =K48*M48 -> 27775.868
A49: B0063200 | B49: =VLOOKUP(A49,[79]MATERIALES!A6:D373,3,FALSE) -> Agua | J49: =VLOOKUP(A49,[79]MATERIALES!A5:D641,2,FALSE) -> lt | K49: 111 | M49: =VLOOKUP(A49,[79]MATERIALES!A6:D397,4,FALSE) -> 50.937843 | N49: =K49*M49 -> 5654.1006
A50: B0014700 | B50: =VLOOKUP(A50,[79]MATERIALES!A6:D373,3,FALSE) -> Piedra para concreto ciclópeo (rajón o canto rodado) | J50: =VLOOKUP(A50,[79]MATERIALES!A6:D642,2,FALSE) -> m3 | K50: 0.4 | M50: =VLOOKUP(A50,[79]MATERIALES!A6:D398,4,FALSE) -> 33286.667 | N50: =K50*M50 -> 13314.667
A51: B0093350 | B51: =VLOOKUP(A51,[79]MATERIALES!A6:D373,3,FALSE) -> Arena lavada | J51: =VLOOKUP(A51,[79]MATERIALES!A6:D643,2,FALSE) -> m3 | K51: 0.378 | M51: =VLOOKUP(A51,[79]MATERIALES!A6:D399,4,FALSE) -> 39496 | N51: =K51*M51 -> 14929.488
A52: B0100001 | B52: =VLOOKUP(A52,[79]MATERIALES!A7:D373,3,FALSE) -> Cemento gris | J52: =VLOOKUP(A52,[79]MATERIALES!A6:D644,2,FALSE) -> kg | K52: 156 | M52: =VLOOKUP(A52,[79]MATERIALES!A7:D400,4,FALSE) -> 537.66667 | N52: =K52*M52 -> 83876
B59: SUBTOTAL $ | N59: =SUM(N48:N58) -> 145550.12
B61: III. TRANSPORTES
B63: MATERIAL | H63: UNIDAD | I63: CANTIDAD (1) | J63: DISTANCIA (2) | K63: (1) * (2) | L63: TARIFA | N63: Vr. UNITARIO
A64: T0010004 | B64: =VLOOKUP(A64,[79]TRANSPORTE!A2:D117,3,FALSE) -> Transporte de arena | H64: m3k | I64: 0.378 | J64: 1 | K64: =I64*J64 -> 0.378 | L64: =VLOOKUP(A64,[79]TRANSPORTE!A2:D117,4,FALSE) -> 881.02273 | N64: =K64*L64 -> 333.02659
A65: T0010042 | B65: =VLOOKUP(A65,[79]TRANSPORTE!A3:D117,3,FALSE) -> Transporte de material triturado | H65: m3k | I65: 0.504 | J65: 1 | K65: =I65*J65 -> 0.504 | L65: =VLOOKUP(A65,[79]TRANSPORTE!A3:D117,4,FALSE) -> 881.02273 | N65: =K65*L65 -> 444.03545
A66: T0010091 | B66: =VLOOKUP(A66,[79]TRANSPORTE!A3:D117,3,FALSE) -> Transporte de piedra para Ciclópeo | H66: m3k | I66: 0.4 | J66: 1 | K66: =I66*J66 -> 0.4 | L66: =VLOOKUP(A66,[79]TRANSPORTE!A3:D117,4,FALSE) -> 881.02273 | N66: =K66*L66 -> 352.40909
B70: SUBTOTAL $ | N70: =N64+N65+N66+N67+N68 -> 1129.4711
B72: IV. MANO DE OBRA
B74: TRABAJADOR | I74: JORNAL | J74: PRESTACIONES (%) | K74: JORNAL TOTAL | L74: RENDIMIENTO | N74: Vr. UNITARIO
A75: A0030080 | B75: =VLOOKUP(A75,'[79]MANO DE OBRA'!A8:D68,3,FALSE) -> Obrero (8) | I75: =K75/J75*100 -> 196724.53 | J75: 185 | K75: =VLOOKUP(A75,'[79]MANO DE OBRA'!A8:D99,4,FALSE) -> 363940.39 | M75: 10 | N75: =K75/M75 -> 36394.039
A76: A0040010 | B76: =VLOOKUP(A76,'[79]MANO DE OBRA'!A8:D69,3,FALSE) -> Oficial | I76: =K76/J76*100 -> 49181.133 | J76: 185 | K76: =VLOOKUP(A76,'[79]MANO DE OBRA'!A8:D100,4,FALSE) -> 90985.097 | M76: 10 | N76: =K76/M76 -> 9098.5097
B81: SUBTOTAL $ | N81: =SUM(N75:N80) -> 45492.548
B83: TOTAL COSTO DIRECTO $ | N83: =N43+N59+N70+N81 -> 200995.68
B85: V. COSTOS INDIRECTOS
B87: Descripción | K87: Porcentaje | L87: Valor Total
B88: ADMINISTRACION | K88: 0.2 | L88: =N83*K88 -> 40199.136
B89: IMPREVISTOS | K89: 0.05 | L89: =N83*K89 -> 10049.784
B90: UTILIDAD | K90: 0.05 | L90: =N83*K90 -> 10049.784
B91: SUBTOTAL $ | N91: =L88+L89+L90 -> 60298.705
A93: PFinal01 | B93: Precio Unitario Total Aproximado al Peso $ | N93: =N83+N91 -> 261294.39
E98: Firma
E99: Nombre:
E100: Representante Legal del Contratista o su Apoderado
E101: Matricula No. :
B103: OBSERVACIONES INTERVENTORÍA:
B109: APROBACIÓN POR INTERVENTORÍA
B110: Nota 1: Cuando se trate de Análisis de precios unitarios correspondientes a ítems de la propuesta económica aprobada, el Interventor aprueba el desglose de los componentes manteniendo el mismo precio unitario de cada ítem, cumpliendo con las especificaciones de construcción vigentes para el proyecto.
B112: Nota 2: Cuando se trate de Análisis de precios unitarios de ítems no previstos, el Interventor aprueba el desglose y precio unitario de cada ítem no previsto, exigiendo la aplicación de los costos correspondientes a insumos y tarifas de la propuesta económica inicial cuando estén contemplados, cumpliendo con las especificaciones de construcción vigente para el proyecto.
E118: Firma
E119: Nombre:
E120: Representante Legal del Interventor o su Apoderado
E121: Matricula No. :
B123: Original: Archivo de Gestión del Contrato (Subdirección Administrativa).
B124: Copias: Unidad Ejecutora, Contratista, Interventor y Dirección Territorial.

Sheet 640.1
K1: CÓDIGO | L1: MINFRA-MN-IN-10-FR-1
C2: INSTITUTO NACIONAL DE VIAS
C3: PROCESO GESTIÓN DE LA INFRAESTRUCTURA VIAL | K3: VERSIÓN | L3: 1
C4: MANUAL DE INTERVENTORÍA OBRA PÚBLICA
C5: ANÁLISIS DE PRECIOS UNITARIOS | K5: PÁGINA | M5: DE
K8: FECHA
L9: (Día) | M9: (Mes) | N9: (Año)
B10: ITEMS DE LA PROPUESTA ECONÓMICA | F10: □ | I10: ITEMS NO PREVISTOS | K10: □
B11: UNIDAD EJECUTORA: | J11: DIRECCIÓN TERRITORIAL:
B14: CONTRATO No. | D14: DE
B15: OBJETO DEL CONTRATO:
B18: CARRETERA: | J18: SECTOR:
B20: CONTRATISTA:
B22: INTERVENTOR: | K22: CTO No.: | M22: DE
B24: FECHA CIERRE PROCESO DE SELECCIÓN CONTRATO DE OBRA:
F25: (Día) | I25: (Mes) | J25: (Año)
B27: DATOS ESPECÍFICOS
B29: ITEM | C29: DESCRIPCIÓN | K29: GRUPO DE AJUSTE | L29: UNIDAD | N29: CANTIDAD
B30: ITEM | C30: DESCRIPCIÓN | L30: UNIDAD | N30: CANTIDAD
A31: Unidad | B31: 640.1 | C31: Acero de Refuerzo Fy 4200 MPa. | L31: kg
B33: I. EQUIPO
B35: DESCRIPCIÓN | I35: TIPO | K35: TARIFA/HORA | L35: RENDIMIENTO | N35: Vr. UNITARIO
A36: C0010170 | B36: =VLOOKUP(A36,[79]EQUIPOS!A6:D154,3,FALSE) -> Cizalla manual de 90 cm. | K36: =VLOOKUP(A36,[79]EQUIPOS!A6:D163,4,FALSE) -> 656.84357 | M36: 37.5 | N36: =K36/M36 -> 17.515829
B41: HERRAMIENTA MENOR (%) | M41: 0.02 | N41: =N78*M41 -> 13.647764
B43: SUBTOTAL $ | N43: =SUM(N36:N42) -> 31.163593
B45: II. MATERIALES
B47: DESCRIPCIÓN | J47: UNIDAD | K47: CANTIDAD | L47: PRECIO UNIT. | N47: Vr. UNITARIO
A48: B0020003 | B48: =VLOOKUP(A48,[79]MATERIALES!A5:D373,3,FALSE) -> Acero PDR-60 | J48: =VLOOKUP(A48,[79]MATERIALES!A4:D640,2,FALSE) -> kg | K48: 1.05 | M48: =VLOOKUP(A48,[79]MATERIALES!A5:D396,4,FALSE) -> 3339.4933 | N48: =K48*M48 -> 3506.468
A49: B026012 | B49: =VLOOKUP(A49,[79]MATERIALES!A6:D373,3,FALSE) -> Alambre Negro Para Amarre | J49: =VLOOKUP(A49,[79]MATERIALES!A5:D641,2,FALSE) -> kg | K49: 0.03 | M49: =VLOOKUP(A49,[79]MATERIALES!A6:D397,4,FALSE) -> 3904.1481 | N49: =K49*M49 -> 117.12444
B56: SUBTOTAL $ | N56: =SUM(N48:N55) -> 3623.5924
B58: III. TRANSPORTES
B60: MATERIAL | H60: UNIDAD | I60: CANTIDAD (1) | J60: DISTANCIA (2) | K60: (1) * (2) | L60: TARIFA | N60: Vr. UNITARIO
A61: T0010001 | B61: =VLOOKUP(A61,[79]TRANSPORTE!A3:D117,3,FALSE) -> Transporte de acero | H61: kg/km | I61: 1.05 | J61: 1 | K61: =I61*J61 -> 1.05 | L61: =VLOOKUP(A61,[79]TRANSPORTE!A3:D117,4,FALSE) -> 0.29694158 | N61: =K61*L61 -> 0.31178866
B67: SUBTOTAL $ | N67: =N61+N62+N63+N64+N65 -> 0.31178866
B69: IV. MANO DE OBRA
B71: TRABAJADOR | I71: JORNAL | J71: PRESTACIONES (%) | K71: JORNAL TOTAL | L71: RENDIMIENTO | N71: Vr. UNITARIO
A72: A0030010 | B72: =VLOOKUP(A72,'[79]MANO DE OBRA'!A8:D68,3,FALSE) -> Obrero | I72: =K72/J72*100 -> 24590.567 | J72: 185 | K72: =VLOOKUP(A72,'[79]MANO DE OBRA'!A8:D99,4,FALSE) -> 45492.548 | M72: 200 | N72: =K72/M72 -> 227.46274
A73: A0040010 | B73: =VLOOKUP(A73,'[79]MANO DE OBRA'!A8:D69,3,FALSE) -> Oficial | I73: =K73/J73*100 -> 49181.133 | J73: 185 | K73: =VLOOKUP(A73,'[79]MANO DE OBRA'!A8:D100,4,FALSE) -> 90985.097 | M73: 200 | N73: =K73/M73 -> 454.92548
B78: SUBTOTAL $ | N78: =SUM(N72:N77) -> 682.38822
B80: TOTAL COSTO DIRECTO $ | N80: =N43+N56+N67+N78 -> 4337.4561
B82: V. COSTOS INDIRECTOS
B84: Descripción | K84: Porcentaje | L84: Valor Total
B85: ADMINISTRACION | K85: 0.2 | L85: =N80*K85 -> 867.49121
B86: IMPREVISTOS | K86: 0.05 | L86: =N80*K86 -> 216.8728
B87: UTILIDAD | K87: 0.05 | L87: =N80*K87 -> 216.8728
B88: SUBTOTAL $ | N88: =L85+L86+L87 -> 1301.2368
A90: PFinal01 | B90: Precio Unitario Total Aproximado al Peso $ | N90: =N80+N88 -> 5638.6929
E95: Firma
E96: Nombre:
E97: Representante Legal del Contratista o su Apoderado
E98: Matricula No. :
B100: OBSERVACIONES INTERVENTORÍA:
B106: APROBACIÓN POR INTERVENTORÍA
B107: Nota 1: Cuando se trate de Análisis de precios unitarios correspondientes a ítems de la propuesta económica aprobada, el Interventor aprueba el desglose de los componentes manteniendo el mismo precio unitario de cada ítem, cumpliendo con las especificaciones de construcción vigentes para el proyecto.
B109: Nota 2: Cuando se trate de Análisis de precios unitarios de ítems no previstos, el Interventor aprueba el desglose y precio unitario de cada ítem no previsto, exigiendo la aplicación de los costos correspondientes a insumos y tarifas de la propuesta económica inicial cuando estén contemplados, cumpliendo con las especificaciones de construcción vigente para el proyecto.
E115: Firma
E116: Nombre:
E117: Representante Legal del Interventor o su Apoderado
E118: Matricula No. :
B120: Original: Archivo de Gestión del Contrato (Subdirección Administrativa).
B121: Copias: Unidad Ejecutora, Contratista, Interventor y Dirección Territorial.

Sheet 681.1
K1: CÓDIGO | L1: MINFRA-MN-IN-10-FR-1
C2: INSTITUTO NACIONAL DE VIAS
C3: PROCESO GESTIÓN DE LA INFRAESTRUCTURA VIAL | K3: VERSIÓN | L3: 1
C4: MANUAL DE INTERVENTORÍA OBRA PÚBLICA
C5: ANÁLISIS DE PRECIOS UNITARIOS | K5: PÁGINA | M5: DE
K8: FECHA
L9: (Día) | M9: (Mes) | N9: (Año)
B10: ITEMS DE LA PROPUESTA ECONÓMICA | F10: □ | I10: ITEMS NO PREVISTOS | K10: □
B11: UNIDAD EJECUTORA: | J11: DIRECCIÓN TERRITORIAL:
B14: CONTRATO No. | D14: DE
B15: OBJETO DEL CONTRATO:
B18: CARRETERA: | J18: SECTOR:
B20: CONTRATISTA:
B22: INTERVENTOR: | K22: CTO No.: | M22: DE
B24: FECHA CIERRE PROCESO DE SELECCIÓN CONTRATO DE OBRA:
F25: (Día) | I25: (Mes) | J25: (Año)
B27: DATOS ESPECÍFICOS
B29: ITEM | C29: DESCRIPCIÓN | K29: GRUPO DE AJUSTE | L29: UNIDAD | N29: CANTIDAD
B30: ITEM | C30: DESCRIPCIÓN | L30: UNIDAD | N30: CANTIDAD
A31: Unidad | B31: 681.1 | C31: Gaviónes de Malla de Alambre de Acero Entrelazado Clase 1; recubrimiento de Zinc (galvanizado) | L31: m3
B33: I. EQUIPO
B35: DESCRIPCIÓN | I35: TIPO | K35: TARIFA/HORA | L35: RENDIMIENTO | N35: Vr. UNITARIO
B41: HERRAMIENTA MENOR (%) | M41: 0.05 | N41: =N77*M41 -> 682.38823
B43: SUBTOTAL $ | N43: =SUM(N36:N41) -> 682.38823
B45: II. MATERIALES
B47: DESCRIPCIÓN | J47: UNIDAD | K47: CANTIDAD | L47: PRECIO UNIT. | N47: Vr. UNITARIO
A48: B0014710 | B48: =VLOOKUP(A48,[79]MATERIALES!A5:D373,3,FALSE) -> Piedra para gavión | J48: =VLOOKUP(A48,[79]MATERIALES!A4:D640,2,FALSE) -> m3 | K48: 1.1 | M48: =VLOOKUP(A48,[79]MATERIALES!A5:D396,4,FALSE) -> 40605.639 | N48: =K48*M48 -> 44666.203
A49: B0073220 | B49: =VLOOKUP(A49,[79]MATERIALES!A6:D373,3,FALSE) -> Alambre galvanizado No. 12 | J49: =VLOOKUP(A49,[79]MATERIALES!A5:D641,2,FALSE) -> kg | K49: 1.15 | M49: =VLOOKUP(A49,[79]MATERIALES!A6:D397,4,FALSE) -> 5341.5556 | N49: =K49*M49 -> 6142.7889
A50: B021001 | B50: =VLOOKUP(A50,[79]MATERIALES!A6:D373,3,FALSE) -> Formaleta (gaviones, juntas de bordillos, juntas de cunetas, muros, concretos clase D,E, F y G) | J50: =VLOOKUP(A50,[79]MATERIALES!A6:D642,2,FALSE) -> m2 | K50: 2 | M50: =VLOOKUP(A50,[79]MATERIALES!A6:D398,4,FALSE) -> 6095.7368 | N50: =K50*M50 -> 12191.474
A51: B033002 | B51: =VLOOKUP(A51,[79]MATERIALES!A6:D373,3,FALSE) -> Malla para gaviones (2M3) | J51: =VLOOKUP(A51,[79]MATERIALES!A6:D643,2,FALSE) -> u | K51: 0.5 | M51: =VLOOKUP(A51,[79]MATERIALES!A6:D399,4,FALSE) -> 86419.047 | N51: =K51*M51 -> 43209.523
B55: SUBTOTAL $ | N55: =SUM(N48:N54) -> 106209.99
B57: III. TRANSPORTES
B59: MATERIAL | H59: UNIDAD | I59: CANTIDAD (1) | J59: DISTANCIA (2) | K59: (1) * (2) | L59: TARIFA | N59: Vr. UNITARIO
A60: T0010094 | B60: =VLOOKUP(A60,[79]TRANSPORTE!A1:D117,3,FALSE) -> Transporte de piedra para gaviones | H60: m3/km | I60: 1.1 | J60: 1 | K60: =I60*J60 -> 1.1 | L60: =VLOOKUP(A60,[79]TRANSPORTE!A1:D117,4,FALSE) -> 881.02273 | N60: =K60*L60 -> 969.125
B66: SUBTOTAL $ | N66: =N60+N61+N62+N63+N64 -> 969.125
B68: IV. MANO DE OBRA
B70: TRABAJADOR | I70: JORNAL | J70: PRESTACIONES (%) | K70: JORNAL TOTAL | L70: RENDIMIENTO | N70: Vr. UNITARIO
A71: A0030040 | B71: =VLOOKUP(A71,'[79]MANO DE OBRA'!A8:D68,3,FALSE) -> Obrero (4) | I71: =K71/J71*100 -> 98362.267 | J71: 185 | K71: =VLOOKUP(A71,'[79]MANO DE OBRA'!A8:D99,4,FALSE) -> 181970.19 | M71: 20 | N71: =K71/M71 -> 9098.5097
A72: A0040010 | B72: =VLOOKUP(A72,'[79]MANO DE OBRA'!A8:D69,3,FALSE) -> Oficial | I72: =K72/J72*100 -> 49181.133 | J72: 185 | K72: =VLOOKUP(A72,'[79]MANO DE OBRA'!A8:D100,4,FALSE) -> 90985.097 | M72: 20 | N72: =K72/M72 -> 4549.2548
B77: SUBTOTAL $ | N77: =SUM(N71:N76) -> 13647.765
B79: TOTAL COSTO DIRECTO $ | N79: =N43+N55+N66+N77 -> 121509.27
B81: V. COSTOS INDIRECTOS
B83: Descripción | K83: Porcentaje | L83: Valor Total
B84: ADMINISTRACION | K84: 0.2 | L84: =N79*K84 -> 24301.853
B85: IMPREVISTOS | K85: 0.05 | L85: =N79*K85 -> 6075.4633
B86: UTILIDAD | K86: 0.05 | L86: =N79*K86 -> 6075.4633
B87: SUBTOTAL $ | N87: =L84+L85+L86 -> 36452.78
A89: PFinal01 | B89: Precio Unitario Total Aproximado al Peso $ | N89: =N79+N87 -> 157962.05
E94: Firma
E95: Nombre:
E96: Representante Legal del Contratista o su Apoderado
E97: Matricula No. :
B99: OBSERVACIONES INTERVENTORÍA:
B105: APROBACIÓN POR INTERVENTORÍA
B106: Nota 1: Cuando se trate de Análisis de precios unitarios correspondientes a ítems de la propuesta económica aprobada, el Interventor aprueba el desglose de los componentes manteniendo el mismo precio unitario de cada ítem, cumpliendo con las especificaciones de construcción vigentes para el proyecto.
B108: Nota 2: Cuando se trate de Análisis de precios unitarios de ítems no previstos, el Interventor aprueba el desglose y precio unitario de cada ítem no previsto, exigiendo la aplicación de los costos correspondientes a insumos y tarifas de la propuesta económica inicial cuando estén contemplados, cumpliendo con las especificaciones de construcción vigente para el proyecto.
E114: Firma
E115: Nombre:
E116: Representante Legal del Interventor o su Apoderado
E117: Matricula No. :
B119: Original: Archivo de Gestión del Contrato (Subdirección Administrativa).
B120: Copias: Unidad Ejecutora, Contratista, Interventor y Dirección Territorial.

Sheet 673.1.1
K1: CÓDIGO | L1: MINFRA-MN-IN-10-FR-1
C2: INSTITUTO NACIONAL DE VIAS
C3: PROCESO GESTIÓN DE LA INFRAESTRUCTURA VIAL | K3: VERSIÓN | L3: 1
C4: MANUAL DE INTERVENTORÍA OBRA PÚBLICA
C5: ANÁLISIS DE PRECIOS UNITARIOS | K5: PÁGINA | M5: DE
K8: FECHA
L9: (Día) | M9: (Mes) | N9: (Año)
B10: ITEMS DE LA PROPUESTA ECONÓMICA | F10: □ | I10: ITEMS NO PREVISTOS | K10: □
B11: UNIDAD EJECUTORA: | J11: DIRECCIÓN TERRITORIAL:
B14: CONTRATO No. | D14: DE
B15: OBJETO DEL CONTRATO:
B18: CARRETERA: | J18: SECTOR:
B20: CONTRATISTA:
B22: INTERVENTOR: | K22: CTO No.: | M22: DE
B24: FECHA CIERRE PROCESO DE SELECCIÓN CONTRATO DE OBRA:
F25: (Día) | I25: (Mes) | J25: (Año)
B27: DATOS ESPECÍFICOS
B29: ITEM | C29: DESCRIPCIÓN | K29: GRUPO DE AJUSTE | L29: UNIDAD | N29: CANTIDAD
B30: ITEM | C30: DESCRIPCIÓN | L30: UNIDAD | N30: CANTIDAD
A31: Unidad | B31: 673.1.1 | C31: Geotextil Tipo NT-2500 o similar no tejido | L31: m2
B33: I. EQUIPO
B35: DESCRIPCIÓN | I35: TIPO | K35: TARIFA/HORA | L35: RENDIMIENTO | N35: Vr. UNITARIO
B41: HERRAMIENTA MENOR (%) | M41: 0.05 | N41: =N75*M41 -> 18.955228
B43: SUBTOTAL $ | N43: =SUM(N36:N42) -> 18.955228
B45: II. MATERIALES
B47: DESCRIPCIÓN | J47: UNIDAD | K47: CANTIDAD | L47: PRECIO UNIT. | N47: Vr. UNITARIO
A48: B025005 | B48: =VLOOKUP(A48,[79]MATERIALES!A5:D373,3,FALSE) -> Geotextil Nt-2500 O Similar (Proveedores, Pavco, Geomatrix, Tensar, Omnes U Otros) | J48: =VLOOKUP(A48,[79]MATERIALES!A4:D640,2,FALSE) -> m2 | K48: 1.1 | M48: =VLOOKUP(A48,[79]MATERIALES!A5:D396,4,FALSE) -> 4675.0067 | N48: =K48*M48 -> 5142.5073
B53: SUBTOTAL $ | N53: =SUM(N48:N52) -> 5142.5073
B55: III. TRANSPORTES
B57: MATERIAL | H57: UNIDAD | I57: CANTIDAD (1) | J57: DISTANCIA (2) | K57: (1) * (2) | L57: TARIFA | N57: Vr. UNITARIO
B64: SUBTOTAL $
B66: IV. MANO DE OBRA
B68: TRABAJADOR | I68: JORNAL | J68: PRESTACIONES (%) | K68: JORNAL TOTAL | L68: RENDIMIENTO | N68: Vr. UNITARIO
A69: A0030020 | B69: =VLOOKUP(A69,'[79]MANO DE OBRA'!A8:D68,3,FALSE) -> Obrero (2) | I69: =K69/J69*100 -> 49181.133 | J69: 185 | K69: =VLOOKUP(A69,'[79]MANO DE OBRA'!A8:D99,4,FALSE) -> 90985.097 | M69: 240 | N69: =K69/M69 -> 379.10457
B75: SUBTOTAL $ | N75: =SUM(N69:N74) -> 379.10457
B77: TOTAL COSTO DIRECTO $ | N77: =N43+N53+N64+N75 -> 5540.5671
B79: V. COSTOS INDIRECTOS
B81: Descripción | K81: Porcentaje | L81: Valor Total
B82: ADMINISTRACION | K82: 0.2 | L82: =N77*K82 -> 1108.1134
B83: IMPREVISTOS | K83: 0.05 | L83: =N77*K83 -> 277.02836
B84: UTILIDAD | K84: 0.05 | L84: =N77*K84 -> 277.02836
B85: SUBTOTAL $ | N85: =L82+L83+L84 -> 1662.1701
A87: PFinal01 | B87: Precio Unitario Total Aproximado al Peso $ | N87: =N77+N85 -> 7202.7373
E92: Firma
E93: Nombre:
E94: Representante Legal del Contratista o su Apoderado
E95: Matricula No. :
B97: OBSERVACIONES INTERVENTORÍA:
B103: APROBACIÓN POR INTERVENTORÍA
B104: Nota 1: Cuando se trate de Análisis de precios unitarios correspondientes a ítems de la propuesta económica aprobada, el Interventor aprueba el desglose de los componentes manteniendo el mismo precio unitario de cada ítem, cumpliendo con las especificaciones de construcción vigentes para el proyecto.
B106: Nota 2: Cuando se trate de Análisis de precios unitarios de ítems no previstos, el Interventor aprueba el desglose y precio unitario de cada ítem no previsto, exigiendo la aplicación de los costos correspondientes a insumos y tarifas de la propuesta económica inicial cuando estén contemplados, cumpliendo con las especificaciones de construcción vigente para el proyecto.
E112: Firma
E113: Nombre:
E114: Representante Legal del Interventor o su Apoderado
E115: Matricula No. :
B117: Original: Archivo de Gestión del Contrato (Subdirección Administrativa).
B118: Copias: Unidad Ejecutora, Contratista, Interventor y Dirección Territorial.

Sheet 673.2
K1: CÓDIGO | L1: MINFRA-MN-IN-10-FR-1
C2: INSTITUTO NACIONAL DE VIAS
C3: PROCESO GESTIÓN DE LA INFRAESTRUCTURA VIAL | K3: VERSIÓN | L3: 1
C4: MANUAL DE INTERVENTORÍA OBRA PÚBLICA
C5: ANÁLISIS DE PRECIOS UNITARIOS | K5: PÁGINA | M5: DE
K8: FECHA
L9: (Día) | M9: (Mes) | N9: (Año)
B10: ITEMS DE LA PROPUESTA ECONÓMICA | F10: □ | I10: ITEMS NO PREVISTOS | K10: □
B11: UNIDAD EJECUTORA: | J11: DIRECCIÓN TERRITORIAL:
B14: CONTRATO No. | D14: DE
B15: OBJETO DEL CONTRATO:
B18: CARRETERA: | J18: SECTOR:
B20: CONTRATISTA:
B22: INTERVENTOR: | K22: CTO No.: | M22: DE
B24: FECHA CIERRE PROCESO DE SELECCIÓN CONTRATO DE OBRA:
F25: (Día) | I25: (Mes) | J25: (Año)
B27: DATOS ESPECÍFICOS
B29: ITEM | C29: DESCRIPCIÓN | K29: GRUPO DE AJUSTE | L29: UNIDAD | N29: CANTIDAD
B30: ITEM | C30: DESCRIPCIÓN | L30: UNIDAD | N30: CANTIDAD
A31: Unidad | B31: 673.2 | C31: Material Granular Drenante | L31: m3
B33: I. EQUIPO
B35: DESCRIPCIÓN | I35: TIPO | K35: TARIFA/HORA | L35: RENDIMIENTO | N35: Vr. UNITARIO
B41: HERRAMIENTA MENOR (%) | M41: 0.05 | N41: =N75*M41 -> 272.95529
B43: SUBTOTAL $ | N43: =SUM(N36:N42) -> 272.95529
B45: II. MATERIALES
B47: DESCRIPCIÓN | J47: UNIDAD | K47: CANTIDAD | L47: PRECIO UNIT. | N47: Vr. UNITARIO
A48: B0014380 | B48: =VLOOKUP(A48,[79]MATERIALES!A5:D373,3,FALSE) -> Material drenante (3´´) | J48: =VLOOKUP(A48,[79]MATERIALES!A4:D640,2,FALSE) -> m3 | K48: 1.1 | M48: =VLOOKUP(A48,[79]MATERIALES!A5:D396,4,FALSE) -> 44832.517 | N48: =K48*M48 -> 49315.768
B53: SUBTOTAL $ | N53: =SUM(N48:N52) -> 49315.768
B55: III. TRANSPORTES
B57: MATERIAL | H57: UNIDAD | I57: CANTIDAD (1) | J57: DISTANCIA (2) | K57: (1) * (2) | L57: TARIFA | N57: Vr. UNITARIO
A58: T0010028 | B58: =VLOOKUP(A58,[79]TRANSPORTE!A1:D117,3,FALSE) -> Transporte de Material Drenante | H58: m3/km | I58: 1.1 | J58: 1 | K58: =I58*J58 -> 1.1 | L58: =VLOOKUP(A58,[79]TRANSPORTE!A1:D117,4,FALSE) -> 881.02273 | N58: =K58*L58 -> 969.125
B64: SUBTOTAL $ | N64: =N58+N59+N60+N61+N62 -> 969.125
B66: IV. MANO DE OBRA
B68: TRABAJADOR | I68: JORNAL | J68: PRESTACIONES (%) | K68: JORNAL TOTAL | L68: RENDIMIENTO | N68: Vr. UNITARIO
A69: A0030030 | B69: =VLOOKUP(A69,'[79]MANO DE OBRA'!A8:D68,3,FALSE) -> Obrero (3) | I69: =K69/J69*100 -> 73771.7 | J69: 185 | K69: =VLOOKUP(A69,'[79]MANO DE OBRA'!A8:D99,4,FALSE) -> 136477.64 | M69: 25 | N69: =K69/M69 -> 5459.1058
B75: SUBTOTAL $ | N75: =SUM(N69:N74) -> 5459.1058
B77: TOTAL COSTO DIRECTO $ | N77: =N43+N53+N64+N75 -> 56016.954
B79: V. COSTOS INDIRECTOS
B81: Descripción | K81: Porcentaje | L81: Valor Total
B82: ADMINISTRACION | K82: 0.2 | L82: =N77*K82 -> 11203.391
B83: IMPREVISTOS | K83: 0.05 | L83: =N77*K83 -> 2800.8477
B84: UTILIDAD | K84: 0.05 | L84: =N77*K84 -> 2800.8477
B85: SUBTOTAL $ | N85: =L82+L83+L84 -> 16805.086
A87: PFinal01 | B87: Precio Unitario Total Aproximado al Peso $ | N87: =N77+N85 -> 72822.041
E92: Firma
E93: Nombre:
E94: Representante Legal del Contratista o su Apoderado
E95: Matricula No. :
B97: OBSERVACIONES INTERVENTORÍA:
B103: APROBACIÓN POR INTERVENTORÍA
B104: Nota 1: Cuando se trate de Análisis de precios unitarios correspondientes a ítems de la propuesta económica aprobada, el Interventor aprueba el desglose de los componentes manteniendo el mismo precio unitario de cada ítem, cumpliendo con las especificaciones de construcción vigentes para el proyecto.
B106: Nota 2: Cuando se trate de Análisis de precios unitarios de ítems no previstos, el Interventor aprueba el desglose y precio unitario de cada ítem no previsto, exigiendo la aplicación de los costos correspondientes a insumos y tarifas de la propuesta económica inicial cuando estén contemplados, cumpliendo con las especificaciones de construcción vigente para el proyecto.
E112: Firma
E113: Nombre:
E114: Representante Legal del Interventor o su Apoderado
E115: Matricula No. :
B117: Original: Archivo de Gestión del Contrato (Subdirección Administrativa).
B118: Copias: Unidad Ejecutora, Contratista, Interventor y Dirección Territorial.
